Workbook
Name AB: INDEX(INDIRECT(CountryShortCode&"Codes"),MATCH(Item,INDIRECT(CountryShortCode&"Desc"),0))
Name ABN: Cover!$C$17
Name No.: TRUE
Name Tradingname: Cover!$C$15
Name Version.WIRE: 1
Name Yearending: Cover!$C$23
Name Yearstart: Cover!$C$21
Name z: OFFSET(ADSWAPCount,0,1+ItemsCols,1,ADSWAPCount)

Sheet Cover
A1: Gas Pipeline Operator
A2: Reporting template
A4: This template is to be uploaded by a Gas Pipeline Operator to its website to fulfil its annual reporting obligations.
A6: Colour coding of input sheets:
A7: Dark cyan = ERA instructions/headings
A8: Yellow = Input cells
A9: Grey - Not applicable/No inputs required
A11: Leave coloured cells blank if no information exists - PLEASE DO NOT ENTER TEXT unless specifically requested to do so.
A12: All dollar amounts are to be unrounded, and in nominal terms.
A15: Service provider: | C15: APT PARMELIA PTY LTD
A17: Australian business number: | C17: 078 902 397
A19: Pipeline name: | C19: Parmelia Gas Pipeline
A21: Reporting period start date: | C21: 44743
A23: Reporting period end date: | C23: 45107
A25: Publication date of this report: | C25: 45230
A27: Reported information is current at: | C27: 45107
A29: Has any information in this template been amended since last published within this current reporting period? | C29: Yes | F29: Amendment reference | I29: Basis of Preparation, reference 1.3
A33: Business address | B33: Address | D33: Level 25, 580 George Street
B34: Suburb | D34: Sydney
C35: State | D35: NSW | E35: Postcode | F35: 2000
A37: Postal address | B37: Address | D37: PO Box R41
B38: Suburb | D38: Royal Exchange
C39: State | D39: NSW | E39: Postcode | F39: 1225
A42: Contact name/s | B42: Rebecca Culbertson (Head of Investor Relations)
A43: Contact phone/s | B43: +61 (07) 3565 3270
A44: Contact email address/s | B44: APARegReporting@apa.com.au

Sheet Contents
F3: Table of contents

Sheet Summary
B1: Summary
B2: =Tradingname -> APT PARMELIA PTY LTD
B3: Year ending | C3: =TEXT(Yearstart,"dd/mm/yyyy")&" to "&TEXT(Yearending,"dd/mm/yyyy") -> 01/07/2022 to 30/06/2023
B4: All numbers are expressed in $nominal
B8: Revenues and expenses (Table 2.1) | C8: Amounts excluding related party transactions | D8: Related party transactions | E8: Total
B9: Direct revenue | C9: ='2. Revenues and expenses'!D16 -> 10603837 | D9: ='2. Revenues and expenses'!E16 -> 0 | E9: ='2. Revenues and expenses'!F16 -> 10603837
B10: Indirect revenue allocated | C10: ='2. Revenues and expenses'!D19 -> 0 | D10: ='2. Revenues and expenses'!E19 -> 0 | E10: ='2. Revenues and expenses'!F19 -> 0
B11: Total revenue | C11: ='2. Revenues and expenses'!D20 -> 10603837 | D11: ='2. Revenues and expenses'!E20 -> 0 | E11: ='2. Revenues and expenses'!F20 -> 10603837
B12: Direct costs | C12: ='2. Revenues and expenses'!D30 -> -6993930 | D12: ='2. Revenues and expenses'!E30 -> 0 | E12: ='2. Revenues and expenses'!F30 -> -6993930
B13: Shared costs allocated | C13: ='2. Revenues and expenses'!D41 -> -11898924 | D13: ='2. Revenues and expenses'!E41 -> 0 | E13: ='2. Revenues and expenses'!F41 -> -11898924
B14: Total costs | C14: ='2. Revenues and expenses'!D42 -> -18892854 | D14: ='2. Revenues and expenses'!E42 -> 0 | E14: ='2. Revenues and expenses'!F42 -> -18892854
B15: Earnings before interest and tax (EBIT) | C15: ='2. Revenues and expenses'!D43 -> -8289017.1 | D15: ='2. Revenues and expenses'!E43 -> 0 | E15: ='2. Revenues and expenses'!F43 -> -8289017.1
B18: Statement of pipeline assets (Table 3.1) | C18: Cumulative value as at current reporting period | D18: Cumulative value as at previous reporting period
B19: Pipelines | C19: ='3. Statement of pipeline assets'!D16 -> 3.7252903e-09 | D19: ='3. Statement of pipeline assets'!E16 -> -3.7252903e-09
B20: Compressors | C20: ='3. Statement of pipeline assets'!D23 -> 0 | D20: ='3. Statement of pipeline assets'!E23 -> 0
B21: City Gates, supply regulators and valve stations | C21: ='3. Statement of pipeline assets'!D30 -> 0 | D21: ='3. Statement of pipeline assets'!E30 -> 0
B22: Metering | C22: ='3. Statement of pipeline assets'!D37 -> 0 | D22: ='3. Statement of pipeline assets'!E37 -> 0
B23: Odourant plants | C23: ='3. Statement of pipeline assets'!D44 -> 0 | D23: ='3. Statement of pipeline assets'!E44 -> 0
B24: SCADA (Communications) | C24: ='3. Statement of pipeline assets'!D51 -> -2.3283064e-10 | D24: ='3. Statement of pipeline assets'!E51 -> -2.3283064e-10
B25: Buildings | C25: ='3. Statement of pipeline assets'!D58 -> 0 | D25: ='3. Statement of pipeline assets'!E58 -> 0
B26: Land and easements | C26: ='3. Statement of pipeline assets'!D65 -> 2.910383e-11 | D26: ='3. Statement of pipeline assets'!E65 -> 2.910383e-11
B27: Other depreciable pipeline assets | C27: ='3. Statement of pipeline assets'!D72 -> 0 | D27: ='3. Statement of pipeline assets'!E72 -> 0
B28: Leased Assets | C28: ='3. Statement of pipeline assets'!D79 -> 0 | D28: ='3. Statement of pipeline assets'!E79 -> -3.4924597e-10
B29: Other non-depreciable pipeline assets | C29: ='3. Statement of pipeline assets'!D80 -> 2110606 | D29: ='3. Statement of pipeline assets'!E80 -> 1440281.8
B30: Total pipeline assets | C30: ='3. Statement of pipeline assets'!D81 -> 2110606 | D30: ='3. Statement of pipeline assets'!E81 -> 1440281.8
B31: Shared property, plant and equipment | C31: ='3. Statement of pipeline assets'!D89 -> 0 | D31: ='3. Statement of pipeline assets'!E89 -> 0
B32: Shared leased assets | C32: ='3. Statement of pipeline assets'!D96 -> -5.8207661e-11 | D32: ='3. Statement of pipeline assets'!E96 -> -5.8207661e-11
B33: Inventories | C33: ='3. Statement of pipeline assets'!D97 -> 0 | D33: ='3. Statement of pipeline assets'!E97 -> 0
B34: Deferred tax assets | C34: ='3. Statement of pipeline assets'!D98 -> 4295375.6 | D34: ='3. Statement of pipeline assets'!E98 -> 4719376.2
B35: Other shared assets | C35: ='3. Statement of pipeline assets'!D99 -> 0 | D35: ='3. Statement of pipeline assets'!E99 -> 0
B36: Total shared assets allocated | C36: ='3. Statement of pipeline assets'!D100 -> 4295375.6 | D36: ='3. Statement of pipeline assets'!E100 -> 4719376.2
B37: Total assets | C37: ='3. Statement of pipeline assets'!D101 -> 6405981.6 | D37: ='3. Statement of pipeline assets'!E101 -> 6159658
B38: Return on assets (EBIT/Total assets value) (Table 1.1.1) | C38: ='1.1 Financial performance'!C10 -> -1.2939496
B41: Recovered capital value (Table 4.1) | C41: Cumulative value as at current reporting period | D41: =VALUE(RIGHT(TEXT(Yearending,"dd/mm/yyyy"),4)) -> 2023
B42: Pipeline assets cost base | C42: ='4. Recovered capital'!E16 -> 1.5810927e+08
B43: Shared assets allocated cost base | C43: ='4. Recovered capital'!E23 -> 3551990.6
B44: Total assets | C44: ='4. Recovered capital'!E24 -> 1.6166126e+08
B45: Return of capital
B46: Revenue | C46: ='4. Recovered capital'!E26 -> 2.4400946e+08 | D46: =IFERROR(INDEX('4. Recovered capital'!$F$8:$BH$34,MATCH($B46,'4. Recovered capital'!$D$8:$D$34,0),MATCH(D$41,'4. Recovered capital'!$F$8:$BH$8,0)),) -> 10603837
B47: Operating expenses | C47: ='4. Recovered capital'!E27 -> -2.0397549e+08 | D47: =IFERROR(INDEX('4. Recovered capital'!$F$8:$BH$34,MATCH($B47,'4. Recovered capital'!$D$8:$D$34,0),MATCH(D$41,'4. Recovered capital'!$F$8:$BH$8,0)),) -> -7791364.1
B48: Net tax liabilities | C48: ='4. Recovered capital'!E28 -> 0 | D48: =IFERROR(INDEX('4. Recovered capital'!$F$8:$BH$34,MATCH($B48,'4. Recovered capital'!$D$8:$D$34,0),MATCH(D$41,'4. Recovered capital'!$F$8:$BH$8,0)),) -> 0
B49: Leased Asset Interest/Financing Charge | C49: ='4. Recovered capital'!E29 -> -80447.867 | D49: =IFERROR(INDEX('4. Recovered capital'!$F$8:$BH$34,MATCH($B49,'4. Recovered capital'!$D$8:$D$34,0),MATCH(D$41,'4. Recovered capital'!$F$8:$BH$8,0)),) -> -27208.579
B50: Return on capital | C50: ='4. Recovered capital'!E30 -> -6.8404874e+08 | D50: =IFERROR(INDEX('4. Recovered capital'!$F$8:$BH$34,MATCH($B50,'4. Recovered capital'!$D$8:$D$34,0),MATCH(D$41,'4. Recovered capital'!$F$8:$BH$8,0)),) -> -71270102
B51: Total return of capital | C51: ='4. Recovered capital'!E31 -> -6.4409522e+08 | D51: =IFERROR(INDEX('4. Recovered capital'!$F$8:$BH$34,MATCH($B51,'4. Recovered capital'!$D$8:$D$34,0),MATCH(D$41,'4. Recovered capital'!$F$8:$BH$8,0)),) -> -68484838
B52: Recovered capital method total asset value | C52: ='4. Recovered capital'!E32 -> 8.0575649e+08 | D52: =IFERROR(INDEX('4. Recovered capital'!$F$8:$BH$34,MATCH($B52,'4. Recovered capital'!$D$8:$D$34,0),MATCH(D$41,'4. Recovered capital'!$F$8:$BH$8,0)),) -> 81207451
B53: Opening asset value | D53: =IFERROR(INDEX('4. Recovered capital'!$F$8:$BH$34,MATCH($B53,'4. Recovered capital'!$D$8:$D$34,0),MATCH(D$41,'4. Recovered capital'!$F$8:$BH$8,0)),) -> 7.2454903e+08
B54: Rate of return (WACC) | D54: =IFERROR(INDEX('4. Recovered capital'!$F$8:$BH$34,MATCH($B54,'4. Recovered capital'!$D$8:$D$34,0),MATCH(D$41,'4. Recovered capital'!$F$8:$BH$8,0)),) -> N/A
B57: For information only - yearly percentage change | C57: =D57-1 -> 2019 | D57: =E57-1 -> 2020 | E57: =F57-1 -> 2021 | F57: =G57-1 -> 2022 | G57: =VALUE(RIGHT(TEXT(Yearending,"dd/mm/yyyy"),4)) -> 2023
B58: Revenue | C58: =IFERROR(INDEX('4. Recovered capital'!$F$8:$BH$32,MATCH($B58,'4. Recovered capital'!$D$8:$D$32,0),MATCH(C$57,'4. Recovered capital'!$F$8:$BH$8,0))/INDEX('4. Recovered capital'!$F$8:$BH$32,MATCH($B58,'4. Recovered capital'!$D$8:$D$32,0),MATCH(C$57-1,'4. Recovered capital'!$F$8:$BH$8,0))-1,"NA") -> 0.11420328 | D58: =IFERROR(INDEX('4. Recovered capital'!$F$8:$BH$32,MATCH($B58,'4. Recovered capital'!$D$8:$D$32,0),MATCH(D$57,'4. Recovered capital'!$F$8:$BH$8,0))/INDEX('4. Recovered capital'!$F$8:$BH$32,MATCH($B58,'4. Recovered capital'!$D$8:$D$32,0),MATCH(D$57-1,'4. Recovered capital'!$F$8:$BH$8,0))-1,"NA") -> -0.24501757 | E58: =IFERROR(INDEX('4. Recovered capital'!$F$8:$BH$32,MATCH($B58,'4. Recovered capital'!$D$8:$D$32,0),MATCH(E$57,'4. Recovered capital'!$F$8:$BH$8,0))/INDEX('4. Recovered capital'!$F$8:$BH$32,MATCH($B58,'4. Recovered capital'!$D$8:$D$32,0),MATCH(E$57-1,'4. Recovered capital'!$F$8:$BH$8,0))-1,"NA") -> 1.3666724 | F58: =IFERROR(INDEX('4. Recovered capital'!$F$8:$BH$32,MATCH($B58,'4. Recovered capital'!$D$8:$D$32,0),MATCH(F$57,'4. Recovered capital'!$F$8:$BH$8,0))/INDEX('4. Recovered capital'!$F$8:$BH$32,MATCH($B58,'4. Recovered capital'!$D$8:$D$32,0),MATCH(F$57-1,'4. Recovered capital'!$F$8:$BH$8,0))-1,"NA") -> -0.38164401 | G58: =IFERROR(INDEX('4. Recovered capital'!$F$8:$BH$32,MATCH($B58,'4. Recovered capital'!$D$8:$D$32,0),MATCH(G$57,'4. Recovered capital'!$F$8:$BH$8,0))/INDEX('4. Recovered capital'!$F$8:$BH$32,MATCH($B58,'4. Recovered capital'!$D$8:$D$32,0),MATCH(G$57-1,'4. Recovered capital'!$F$8:$BH$8,0))-1,"NA") -> -0.099701043
B59: Operating expenses | C59: =IFERROR(INDEX('4. Recovered capital'!$F$8:$BH$32,MATCH($B59,'4. Recovered capital'!$D$8:$D$32,0),MATCH(C$57,'4. Recovered capital'!$F$8:$BH$8,0))/INDEX('4. Recovered capital'!$F$8:$BH$32,MATCH($B59,'4. Recovered capital'!$D$8:$D$32,0),MATCH(C$57-1,'4. Recovered capital'!$F$8:$BH$8,0))-1,"NA") -> 0.11419148 | D59: =IFERROR(INDEX('4. Recovered capital'!$F$8:$BH$32,MATCH($B59,'4. Recovered capital'!$D$8:$D$32,0),MATCH(D$57,'4. Recovered capital'!$F$8:$BH$8,0))/INDEX('4. Recovered capital'!$F$8:$BH$32,MATCH($B59,'4. Recovered capital'!$D$8:$D$32,0),MATCH(D$57-1,'4. Recovered capital'!$F$8:$BH$8,0))-1,"NA") -> -0.13996986 | E59: =IFERROR(INDEX('4. Recovered capital'!$F$8:$BH$32,MATCH($B59,'4. Recovered capital'!$D$8:$D$32,0),MATCH(E$57,'4. Recovered capital'!$F$8:$BH$8,0))/INDEX('4. Recovered capital'!$F$8:$BH$32,MATCH($B59,'4. Recovered capital'!$D$8:$D$32,0),MATCH(E$57-1,'4. Recovered capital'!$F$8:$BH$8,0))-1,"NA") -> 0.12742828 | F59: =IFERROR(INDEX('4. Recovered capital'!$F$8:$BH$32,MATCH($B59,'4. Recovered capital'!$D$8:$D$32,0),MATCH(F$57,'4. Recovered capital'!$F$8:$BH$8,0))/INDEX('4. Recovered capital'!$F$8:$BH$32,MATCH($B59,'4. Recovered capital'!$D$8:$D$32,0),MATCH(F$57-1,'4. Recovered capital'!$F$8:$BH$8,0))-1,"NA") -> 0.13450698 | G59: =IFERROR(INDEX('4. Recovered capital'!$F$8:$BH$32,MATCH($B59,'4. Recovered capital'!$D$8:$D$32,0),MATCH(G$57,'4. Recovered capital'!$F$8:$BH$8,0))/INDEX('4. Recovered capital'!$F$8:$BH$32,MATCH($B59,'4. Recovered capital'!$D$8:$D$32,0),MATCH(G$57-1,'4. Recovered capital'!$F$8:$BH$8,0))-1,"NA") -> -0.013357421
B60: Net tax liabilities | C60: =IFERROR(INDEX('4. Recovered capital'!$F$8:$BH$32,MATCH($B60,'4. Recovered capital'!$D$8:$D$32,0),MATCH(C$57,'4. Recovered capital'!$F$8:$BH$8,0))/INDEX('4. Recovered capital'!$F$8:$BH$32,MATCH($B60,'4. Recovered capital'!$D$8:$D$32,0),MATCH(C$57-1,'4. Recovered capital'!$F$8:$BH$8,0))-1,"NA") -> NA | D60: =IFERROR(INDEX('4. Recovered capital'!$F$8:$BH$32,MATCH($B60,'4. Recovered capital'!$D$8:$D$32,0),MATCH(D$57,'4. Recovered capital'!$F$8:$BH$8,0))/INDEX('4. Recovered capital'!$F$8:$BH$32,MATCH($B60,'4. Recovered capital'!$D$8:$D$32,0),MATCH(D$57-1,'4. Recovered capital'!$F$8:$BH$8,0))-1,"NA") -> NA | E60: =IFERROR(INDEX('4. Recovered capital'!$F$8:$BH$32,MATCH($B60,'4. Recovered capital'!$D$8:$D$32,0),MATCH(E$57,'4. Recovered capital'!$F$8:$BH$8,0))/INDEX('4. Recovered capital'!$F$8:$BH$32,MATCH($B60,'4. Recovered capital'!$D$8:$D$32,0),MATCH(E$57-1,'4. Recovered capital'!$F$8:$BH$8,0))-1,"NA") -> NA | F60: =IFERROR(INDEX('4. Recovered capital'!$F$8:$BH$32,MATCH($B60,'4. Recovered capital'!$D$8:$D$32,0),MATCH(F$57,'4. Recovered capital'!$F$8:$BH$8,0))/INDEX('4. Recovered capital'!$F$8:$BH$32,MATCH($B60,'4. Recovered capital'!$D$8:$D$32,0),MATCH(F$57-1,'4. Recovered capital'!$F$8:$BH$8,0))-1,"NA") -> NA | G60: =IFERROR(INDEX('4. Recovered capital'!$F$8:$BH$32,MATCH($B60,'4. Recovered capital'!$D$8:$D$32,0),MATCH(G$57,'4. Recovered capital'!$F$8:$BH$8,0))/INDEX('4. Recovered capital'!$F$8:$BH$32,MATCH($B60,'4. Recovered capital'!$D$8:$D$32,0),MATCH(G$57-1,'4. Recovered capital'!$F$8:$BH$8,0))-1,"NA") -> NA
B61: Leased Asset Interest/Financing Charge | C61: =IFERROR(INDEX('4. Recovered capital'!$F$8:$BH$32,MATCH($B61,'4. Recovered capital'!$D$8:$D$32,0),MATCH(C$57,'4. Recovered capital'!$F$8:$BH$8,0))/INDEX('4. Recovered capital'!$F$8:$BH$32,MATCH($B61,'4. Recovered capital'!$D$8:$D$32,0),MATCH(C$57-1,'4. Recovered capital'!$F$8:$BH$8,0))-1,"NA") -> NA | D61: =IFERROR(INDEX('4. Recovered capital'!$F$8:$BH$32,MATCH($B61,'4. Recovered capital'!$D$8:$D$32,0),MATCH(D$57,'4. Recovered capital'!$F$8:$BH$8,0))/INDEX('4. Recovered capital'!$F$8:$BH$32,MATCH($B61,'4. Recovered capital'!$D$8:$D$32,0),MATCH(D$57-1,'4. Recovered capital'!$F$8:$BH$8,0))-1,"NA") -> NA | E61: =IFERROR(INDEX('4. Recovered capital'!$F$8:$BH$32,MATCH($B61,'4. Recovered capital'!$D$8:$D$32,0),MATCH(E$57,'4. Recovered capital'!$F$8:$BH$8,0))/INDEX('4. Recovered capital'!$F$8:$BH$32,MATCH($B61,'4. Recovered capital'!$D$8:$D$32,0),MATCH(E$57-1,'4. Recovered capital'!$F$8:$BH$8,0))-1,"NA") -> -0.16769655 | F61: =IFERROR(INDEX('4. Recovered capital'!$F$8:$BH$32,MATCH($B61,'4. Recovered capital'!$D$8:$D$32,0),MATCH(F$57,'4. Recovered capital'!$F$8:$BH$8,0))/INDEX('4. Recovered capital'!$F$8:$BH$32,MATCH($B61,'4. Recovered capital'!$D$8:$D$32,0),MATCH(F$57-1,'4. Recovered capital'!$F$8:$BH$8,0))-1,"NA") -> -0.5689261 | G61: =IFERROR(INDEX('4. Recovered capital'!$F$8:$BH$32,MATCH($B61,'4. Recovered capital'!$D$8:$D$32,0),MATCH(G$57,'4. Recovered capital'!$F$8:$BH$8,0))/INDEX('4. Recovered capital'!$F$8:$BH$32,MATCH($B61,'4. Recovered capital'!$D$8:$D$32,0),MATCH(G$57-1,'4. Recovered capital'!$F$8:$BH$8,0))-1,"NA") -> 2.1210446
B62: Return on capital | C62: =IFERROR(INDEX('4. Recovered capital'!$F$8:$BH$32,MATCH($B62,'4. Recovered capital'!$D$8:$D$32,0),MATCH(C$57,'4. Recovered capital'!$F$8:$BH$8,0))/INDEX('4. Recovered capital'!$F$8:$BH$32,MATCH($B62,'4. Recovered capital'!$D$8:$D$32,0),MATCH(C$57-1,'4. Recovered capital'!$F$8:$BH$8,0))-1,"NA") -> -0.063561881 | D62: =IFERROR(INDEX('4. Recovered capital'!$F$8:$BH$32,MATCH($B62,'4. Recovered capital'!$D$8:$D$32,0),MATCH(D$57,'4. Recovered capital'!$F$8:$BH$8,0))/INDEX('4. Recovered capital'!$F$8:$BH$32,MATCH($B62,'4. Recovered capital'!$D$8:$D$32,0),MATCH(D$57-1,'4. Recovered capital'!$F$8:$BH$8,0))-1,"NA") -> 0.019074942 | E62: =IFERROR(INDEX('4. Recovered capital'!$F$8:$BH$32,MATCH($B62,'4. Recovered capital'!$D$8:$D$32,0),MATCH(E$57,'4. Recovered capital'!$F$8:$BH$8,0))/INDEX('4. Recovered capital'!$F$8:$BH$32,MATCH($B62,'4. Recovered capital'!$D$8:$D$32,0),MATCH(E$57-1,'4. Recovered capital'!$F$8:$BH$8,0))-1,"NA") -> 0.14358031 | F62: =IFERROR(INDEX('4. Recovered capital'!$F$8:$BH$32,MATCH($B62,'4. Recovered capital'!$D$8:$D$32,0),MATCH(F$57,'4. Recovered capital'!$F$8:$BH$8,0))/INDEX('4. Recovered capital'!$F$8:$BH$32,MATCH($B62,'4. Recovered capital'!$D$8:$D$32,0),MATCH(F$57-1,'4. Recovered capital'!$F$8:$BH$8,0))-1,"NA") -> 0.33588043 | G62: =IFERROR(INDEX('4. Recovered capital'!$F$8:$BH$32,MATCH($B62,'4. Recovered capital'!$D$8:$D$32,0),MATCH(G$57,'4. Recovered capital'!$F$8:$BH$8,0))/INDEX('4. Recovered capital'!$F$8:$BH$32,MATCH($B62,'4. Recovered capital'!$D$8:$D$32,0),MATCH(G$57-1,'4. Recovered capital'!$F$8:$BH$8,0))-1,"NA") -> 0.13519578
B63: Total Return of Capital | C63: =IFERROR(INDEX('4. Recovered capital'!$F$8:$BH$32,MATCH($B63,'4. Recovered capital'!$D$8:$D$32,0),MATCH(C$57,'4. Recovered capital'!$F$8:$BH$8,0))/INDEX('4. Recovered capital'!$F$8:$BH$32,MATCH($B63,'4. Recovered capital'!$D$8:$D$32,0),MATCH(C$57-1,'4. Recovered capital'!$F$8:$BH$8,0))-1,"NA") -> -0.077470673 | D63: =IFERROR(INDEX('4. Recovered capital'!$F$8:$BH$32,MATCH($B63,'4. Recovered capital'!$D$8:$D$32,0),MATCH(D$57,'4. Recovered capital'!$F$8:$BH$8,0))/INDEX('4. Recovered capital'!$F$8:$BH$32,MATCH($B63,'4. Recovered capital'!$D$8:$D$32,0),MATCH(D$57-1,'4. Recovered capital'!$F$8:$BH$8,0))-1,"NA") -> 0.065154579 | E63: =IFERROR(INDEX('4. Recovered capital'!$F$8:$BH$32,MATCH($B63,'4. Recovered capital'!$D$8:$D$32,0),MATCH(E$57,'4. Recovered capital'!$F$8:$BH$8,0))/INDEX('4. Recovered capital'!$F$8:$BH$32,MATCH($B63,'4. Recovered capital'!$D$8:$D$32,0),MATCH(E$57-1,'4. Recovered capital'!$F$8:$BH$8,0))-1,"NA") -> -0.10997256 | F63: =IFERROR(INDEX('4. Recovered capital'!$F$8:$BH$32,MATCH($B63,'4. Recovered capital'!$D$8:$D$32,0),MATCH(F$57,'4. Recovered capital'!$F$8:$BH$8,0))/INDEX('4. Recovered capital'!$F$8:$BH$32,MATCH($B63,'4. Recovered capital'!$D$8:$D$32,0),MATCH(F$57-1,'4. Recovered capital'!$F$8:$BH$8,0))-1,"NA") -> 0.68649555 | G63: =IFERROR(INDEX('4. Recovered capital'!$F$8:$BH$32,MATCH($B63,'4. Recovered capital'!$D$8:$D$32,0),MATCH(G$57,'4. Recovered capital'!$F$8:$BH$8,0))/INDEX('4. Recovered capital'!$F$8:$BH$32,MATCH($B63,'4. Recovered capital'!$D$8:$D$32,0),MATCH(G$57-1,'4. Recovered capital'!$F$8:$BH$8,0))-1,"NA") -> 0.16254029
B66: Weighted average price (Table 5.1) | C66: Capacity based charges | F66: Volumetric based charges
B67: Service description | C67: Revenue $'000 | D67: MDQ Total TJ | E67: WAP $/GJ | F67: Revenue $'000 | G67: Total TJ | H67: WAP $/GJ
B68: Transportation services
B69: Firm forward haul transportation services
B70: Postage Stamp | C70: ='5. Weighted average price'!M12 -> 2039.6092 | D70: ='5. Weighted average price'!N12 -> 3951.95 | E70: ='5. Weighted average price'!O12 -> 0.51610198 | F70: ='5. Weighted average price'!P12 -> 3187.6823 | G70: ='5. Weighted average price'!Q12 -> 12534.352 | H70: ='5. Weighted average price'!R12 -> 0.25431568
B71: Zonal based - Zone 1 | C71: ='5. Weighted average price'!T12 -> 0 | D71: ='5. Weighted average price'!U12 -> 0 | E71: ='5. Weighted average price'!V12 -> 0 | F71: ='5. Weighted average price'!W12 -> 0 | G71: ='5. Weighted average price'!X12 -> 0 | H71: ='5. Weighted average price'!Y12 -> 0
B72: Zonal based - Zone 2 | C72: ='5. Weighted average price'!Z12 -> 0 | D72: ='5. Weighted average price'!AA12 -> 0 | E72: ='5. Weighted average price'!AB12 -> 0 | F72: ='5. Weighted average price'!AC12 -> 0 | G72: ='5. Weighted average price'!AD12 -> 0 | H72: ='5. Weighted average price'!AE12 -> 0
B73: Zonal based - Zone 3 | C73: ='5. Weighted average price'!AF12 -> 0 | D73: ='5. Weighted average price'!AG12 -> 0 | E73: ='5. Weighted average price'!AH12 -> 0 | F73: ='5. Weighted average price'!AI12 -> 0 | G73: ='5. Weighted average price'!AJ12 -> 0 | H73: ='5. Weighted average price'!AK12 -> 0
B74: Distance based - Major delivery point 1 | C74: ='5. Weighted average price'!AM12 -> 0 | D74: ='5. Weighted average price'!AN12 -> 0 | E74: ='5. Weighted average price'!AO12 -> 0 | F74: ='5. Weighted average price'!AP12 -> 0 | G74: ='5. Weighted average price'!AQ12 -> 0 | H74: ='5. Weighted average price'!AR12 -> 0
B75: Distance based - Major delivery point 2 | C75: ='5. Weighted average price'!AS12 -> 0 | D75: ='5. Weighted average price'!AT12 -> 0 | E75: ='5. Weighted average price'!AU12 -> 0 | F75: ='5. Weighted average price'!AV12 -> 0 | G75: ='5. Weighted average price'!AW12 -> 0 | H75: ='5. Weighted average price'!AX12 -> 0
B76: Distance based - Major delivery point 3 | C76: ='5. Weighted average price'!AY12 -> 0 | D76: ='5. Weighted average price'!AZ12 -> 0 | E76: ='5. Weighted average price'!BA12 -> 0 | F76: ='5. Weighted average price'!BB12 -> 0 | G76: ='5. Weighted average price'!BC12 -> 0 | H76: ='5. Weighted average price'!BD12 -> 0
B77: Distance based - Other delivery points | C77: ='5. Weighted average price'!BE12 -> 0 | D77: ='5. Weighted average price'!BF12 -> 0 | E77: ='5. Weighted average price'!BG12 -> 0 | F77: ='5. Weighted average price'!BH12 -> 0 | G77: ='5. Weighted average price'!BI12 -> 0 | H77: ='5. Weighted average price'!BJ12 -> 0
B78: Interruptible or as available transportation services
B79: Postage Stamp | C79: ='5. Weighted average price'!M13 -> 0 | D79: ='5. Weighted average price'!N13 -> 0 | E79: ='5. Weighted average price'!O13 -> 0 | F79: ='5. Weighted average price'!P13 -> 972.64311 | G79: ='5. Weighted average price'!Q13 -> 1279.9971 | H79: ='5. Weighted average price'!R13 -> 0.75987916
B80: Zonal based - Zone 1 | C80: ='5. Weighted average price'!T13 -> 0 | D80: ='5. Weighted average price'!U13 -> 0 | E80: ='5. Weighted average price'!V13 -> 0 | F80: ='5. Weighted average price'!W13 -> 0 | G80: ='5. Weighted average price'!X13 -> 0 | H80: ='5. Weighted average price'!Y13 -> 0
B81: Zonal based - Zone 2 | C81: ='5. Weighted average price'!Z13 -> 0 | D81: ='5. Weighted average price'!AA13 -> 0 | E81: ='5. Weighted average price'!AB13 -> 0 | F81: ='5. Weighted average price'!AC13 -> 0 | G81: ='5. Weighted average price'!AD13 -> 0 | H81: ='5. Weighted average price'!AE13 -> 0
B82: Zonal based - Zone 3 | C82: ='5. Weighted average price'!AF13 -> 0 | D82: ='5. Weighted average price'!AG13 -> 0 | E82: ='5. Weighted average price'!AH13 -> 0 | F82: ='5. Weighted average price'!AI13 -> 0 | G82: ='5. Weighted average price'!AJ13 -> 0 | H82: ='5. Weighted average price'!AK13 -> 0
B83: Distance based - Major delivery point 1 | C83: ='5. Weighted average price'!AM13 -> 0 | D83: ='5. Weighted average price'!AN13 -> 0 | E83: ='5. Weighted average price'!AO13 -> 0 | F83: ='5. Weighted average price'!AP13 -> 0 | G83: ='5. Weighted average price'!AQ13 -> 0 | H83: ='5. Weighted average price'!AR13 -> 0
B84: Distance based - Major delivery point 2 | C84: ='5. Weighted average price'!AS13 -> 0 | D84: ='5. Weighted average price'!AT13 -> 0 | E84: ='5. Weighted average price'!AU13 -> 0 | F84: ='5. Weighted average price'!AV13 -> 0 | G84: ='5. Weighted average price'!AW13 -> 0 | H84: ='5. Weighted average price'!AX13 -> 0
B85: Distance based - Major delivery point 3 | C85: ='5. Weighted average price'!AY13 -> 0 | D85: ='5. Weighted average price'!AZ13 -> 0 | E85: ='5. Weighted average price'!BA13 -> 0 | F85: ='5. Weighted average price'!BB13 -> 0 | G85: ='5. Weighted average price'!BC13 -> 0 | H85: ='5. Weighted average price'!BD13 -> 0
B86: Distance based - Other delivery points | C86: ='5. Weighted average price'!BE13 -> 0 | D86: ='5. Weighted average price'!BF13 -> 0 | E86: ='5. Weighted average price'!BG13 -> 0 | F86: ='5. Weighted average price'!BH13 -> 0 | G86: ='5. Weighted average price'!BI13 -> 0 | H86: ='5. Weighted average price'!BJ13 -> 0
B87: Backhaul services
B88: Postage Stamp | C88: ='5. Weighted average price'!M14 -> 0 | D88: ='5. Weighted average price'!N14 -> 0 | E88: ='5. Weighted average price'!O14 -> 0 | F88: ='5. Weighted average price'!P14 -> 0 | G88: ='5. Weighted average price'!Q14 -> 0 | H88: ='5. Weighted average price'!R14 -> 0
B89: Zonal based - Zone 1 | C89: ='5. Weighted average price'!T14 -> 0 | D89: ='5. Weighted average price'!U14 -> 0 | E89: ='5. Weighted average price'!V14 -> 0 | F89: ='5. Weighted average price'!W14 -> 0 | G89: ='5. Weighted average price'!X14 -> 0 | H89: ='5. Weighted average price'!Y14 -> 0
B90: Zonal based - Zone 2 | C90: ='5. Weighted average price'!Z14 -> 0 | D90: ='5. Weighted average price'!AA14 -> 0 | E90: ='5. Weighted average price'!AB14 -> 0 | F90: ='5. Weighted average price'!AC14 -> 0 | G90: ='5. Weighted average price'!AD14 -> 0 | H90: ='5. Weighted average price'!AE14 -> 0
B91: Zonal based - Zone 3 | C91: ='5. Weighted average price'!AF14 -> 0 | D91: ='5. Weighted average price'!AG14 -> 0 | E91: ='5. Weighted average price'!AH14 -> 0 | F91: ='5. Weighted average price'!AI14 -> 0 | G91: ='5. Weighted average price'!AJ14 -> 0 | H91: ='5. Weighted average price'!AK14 -> 0
B92: Distance based - Major delivery point 1 | C92: ='5. Weighted average price'!AM14 -> 0 | D92: ='5. Weighted average price'!AN14 -> 0 | E92: ='5. Weighted average price'!AO14 -> 0 | F92: ='5. Weighted average price'!AP14 -> 0 | G92: ='5. Weighted average price'!AQ14 -> 0 | H92: ='5. Weighted average price'!AR14 -> 0
B93: Distance based - Major delivery point 2 | C93: ='5. Weighted average price'!AS14 -> 0 | D93: ='5. Weighted average price'!AT14 -> 0 | E93: ='5. Weighted average price'!AU14 -> 0 | F93: ='5. Weighted average price'!AV14 -> 0 | G93: ='5. Weighted average price'!AW14 -> 0 | H93: ='5. Weighted average price'!AX14 -> 0
B94: Distance based - Major delivery point 3 | C94: ='5. Weighted average price'!AY14 -> 0 | D94: ='5. Weighted average price'!AZ14 -> 0 | E94: ='5. Weighted average price'!BA14 -> 0 | F94: ='5. Weighted average price'!BB14 -> 0 | G94: ='5. Weighted average price'!BC14 -> 0 | H94: ='5. Weighted average price'!BD14 -> 0
B95: Distance based - Other delivery points | C95: ='5. Weighted average price'!BE14 -> 0 | D95: ='5. Weighted average price'!BF14 -> 0 | E95: ='5. Weighted average price'!BG14 -> 0 | F95: ='5. Weighted average price'!BH14 -> 0 | G95: ='5. Weighted average price'!BI14 -> 0 | H95: ='5. Weighted average price'!BJ14 -> 0
B96: Stand alone compression services
B97: Firm stand alone compression services | C97: ='5. Weighted average price'!F16 -> 0 | D97: ='5. Weighted average price'!G16 -> 0 | E97: ='5. Weighted average price'!H16 -> 0 | F97: ='5. Weighted average price'!I16 -> 0 | G97: ='5. Weighted average price'!J16 -> 0 | H97: ='5. Weighted average price'!K16 -> 0
B98: Storage services
B99: Firm park/park and loan services | C99: ='5. Weighted average price'!F18 -> 0 | D99: ='5. Weighted average price'!G18 -> 0 | E99: ='5. Weighted average price'!H18 -> 0 | F99: ='5. Weighted average price'!I18 -> 0 | G99: ='5. Weighted average price'!J18 -> 0 | H99: ='5. Weighted average price'!K18 -> 0
B100: Exempt services | C100: ='5. Weighted average price'!F19 -> 0 | F100: ='5. Weighted average price'!I19 -> 6.10951
B103: For information only | C103: As reported in 'Statement of pipeline assets' | D103: As reported in 'Recovered capital'
B104: Total asset value (depreciated book value vs. recovered capital method asset value) | C104: =C37 -> 6405981.6 | D104: =C52 -> 8.0575649e+08
B105: Shared asset value as a % of total asset value | C105: =IFERROR('3. Statement of pipeline assets'!D100/'3. Statement of pipeline assets'!D101,0) -> 0.67052575 | D105: =IFERROR('4. Recovered capital'!E23/'4. Recovered capital'!E24,0) -> 0.02197181
B106: Pipeline asset value as a % of total asset value | C106: =IFERROR('3. Statement of pipeline assets'!D81/'3. Statement of pipeline assets'!D101,0) -> 0.32947425 | D106: =IFERROR('4. Recovered capital'!E16/'4. Recovered capital'!E24,0) -> 0.97802819
C107: As reported in 'Revenue and expenses'
B108: Direct revenue as a % of total revenue | C108: =IFERROR('2. Revenues and expenses'!D16/'2. Revenues and expenses'!D20,0) -> 1
B109: Indirect revenue as a % of total revenue | C109: =IFERROR('2. Revenues and expenses'!D19/'2. Revenues and expenses'!D20,0) -> 0
B110: Direct costs as a % of total costs | C110: =IFERROR('2. Revenues and expenses'!D30/'2. Revenues and expenses'!D42,0) -> 0.37018918
B111: Shared costs as a % of total costs | C111: =IFERROR('2. Revenues and expenses'!D41/'2. Revenues and expenses'!D42,0) -> 0.62981082
B114: For reconciliation | C114: As reported in 'Revenue and expenses' | D114: As reported in 'Depreciation amortisation'
B115: Depreciation for pipeline assets | C115: ='2. Revenues and expenses'!F24 -> 0 | D115: ='3.3 Depreciation amortisation'!N53 -> -18422519
...

Sheet 1. Pipeline information
B1: Pipeline information
B2: =Tradingname -> APT PARMELIA PTY LTD
B3: Reporting Period | C3: =TEXT(Yearstart,"dd/mm/yyyy")&" to "&TEXT(Yearending,"dd/mm/yyyy") -> 01/07/2022 to 30/06/2023
B5: Table 1.1: Pipeline details
B7: Pipeline location | C7: Western Australia
B8: Pipeline length (km) | C8: 416
B9: Number of customers | C9: 8
B10: Service type | C10: Transmission
B12: Table 1.2: Pipeline services provided
B14: Service description | C14: Provided to non related parties | D14: Provided to related parties
B15: Transportation services
B16: Firm forward haul transportation service | C16: Yes | D16: No
B17: Interruptible or as available transportation service | C17: Yes | D17: No
B18: Backhaul services | C18: Yes | D18: No
B19: Stand-alone compression services
B20: Firm stand-alone compression service | C20: No | D20: No
B21: Interruptible or as available stand-alone compression service | C21: No | D21: No
B22: Storage services
B23: Park services | C23: No | D23: No
B24: Park and loan services | C24: No | D24: No
B25: Trading services
B26: Capacity trading service | C26: No | D26: No
B27: In pipe trading service | C27: Yes | D27: No
B28: Other (please specify)
B29: other service (insert description)
B30: other service (insert description)
B31: other service (insert description)
B32: other service (insert description)
B33: other service (insert description)
B34: other service (insert description)
B35: other service (insert description)
B36: other service (insert description)

Sheet 1.1 Financial performance
B1: Financial performance measures
B2: =Tradingname -> APT PARMELIA PTY LTD
B3: Reporting Period | C3: =TEXT(Yearstart,"dd/mm/yyyy")&" to "&TEXT(Yearending,"dd/mm/yyyy") -> 01/07/2022 to 30/06/2023
B5: Table 1.1.1: Return on assets
C7: Pipeline
B8: Earnings before interest and tax | C8: ='2. Revenues and expenses'!F43 -> -8289017.1
B9: Total assets | C9: ='3. Statement of pipeline assets'!$D$101 -> 6405981.6
B10: Return on assets | C10: =IFERROR(C8/C9,0) -> -1.2939496
B12: Note: For the purposes of Part 23 reporting the Part 23 Book value exceeds the Part 23 Recoverable value on a stand-alone basis however there is no statutory impairment for Parmelia on a cash generating unit basis. For further information, please refer to the table reference 3.2.1 on the tab called "6. Notes".

Sheet 2. Revenues and expenses
B1: Statement of pipeline revenues and expenses
B2: =Tradingname -> APT PARMELIA PTY LTD
B3: Reporting Period | C3: =TEXT(Yearstart,"dd/mm/yyyy")&" to "&TEXT(Yearending,"dd/mm/yyyy") -> 01/07/2022 to 30/06/2023
B5: Table 2.1: Statement of pipeline revenues and expenses
D7: Reporting period | G7: Previous reporting period
B8: Basis of Preparation reference | C8: Description | D8: Amounts excluding related party transactions | E8: Related party transactions | F8: Total | G8: Amounts excluding related party transactions | H8: Related party transactions | I8: Total
D9: $ nominal | E9: $ nominal | F9: $ nominal | G9: $ nominal | H9: $ nominal | I9: $ nominal
C10: Direct revenue
B11: 2.3.1 & 2.3.1.1 | C11: Total service revenue | D11: ='2.1 Revenue by service'!D21 -> 6356258.1 | E11: ='2.1 Revenue by service'!E21 -> 0 | F11: =SUM(D11:E11) -> 6356258.1 | G11: ='2.1 Revenue by service'!G21 -> 5263259.8 | H11: ='2.1 Revenue by service'!H21 -> 0 | I11: =SUM(G11:H11) -> 5263259.8
C12: Customer contribution revenue | D12: ='2.2 Revenue contributions '!C15 -> 0 | E12: ='2.2 Revenue contributions '!D15 -> 0 | F12: =SUM(D12:E12) -> 0 | G12: 0 | H12: 0 | I12: =SUM(G12:H12) -> 0
C13: Government contribution revenue | D13: ='2.2 Revenue contributions '!D27 -> 0 | F13: =SUM(D13:E13) -> 0 | G13: 0 | H13: 0 | I13: =SUM(G13:H13) -> 0
C14: Profit from sale of fixed assets | D14: 0 | E14: 0 | F14: =SUM(D14:E14) -> 0 | G14: 0 | H14: 0 | I14: =SUM(G14:H14) -> 0
B15: 2.3.1 | C15: Other direct revenue | D15: 4247578.4 | E15: 0 | F15: =SUM(D15:E15) -> 4247578.4 | G15: 6514868.4 | H15: 0 | I15: =SUM(G15:H15) -> 6514868.4
C16: Total direct revenue | D16: =SUM(D11:D15) -> 10603837 | E16: =SUM(E11:E15) -> 0 | F16: =SUM(D16:E16) -> 10603837 | G16: =SUM(G11:G15) -> 11778128 | H16: =SUM(H11:H15) -> 0 | I16: =SUM(I11:I15) -> 11778128
C17: Indirect revenue allocated
C18: Other revenue | D18: ='2.3 Indirect revenue'!G36 -> 0 | E18: ='2.3 Indirect revenue'!H36 -> 0 | F18: =SUM(D18:E18) -> 0 | G18: 0 | H18: 0 | I18: =SUM(G18:H18) -> 0
C19: Total indirect revenue allocated | D19: =SUM(D18:D18) -> 0 | E19: =SUM(E18:E18) -> 0 | F19: =SUM(F18:F18) -> 0 | G19: =SUM(G18:G18) -> 0 | H19: =SUM(H18:H18) -> 0 | I19: =SUM(I18:I18) -> 0
C20: Total revenue | D20: =D16+D19 -> 10603837 | E20: =E16+E19 -> 0 | F20: =F16+F19 -> 10603837 | G20: =G16+G19 -> 11778128 | H20: =H16+H19 -> 0 | I20: =I16+I19 -> 11778128
C21: Direct costs
B22: 2.3.2 | C22: Repairs and maintenance | D22: -7710.6 | E22: 0 | F22: =SUM(D22:E22) -> -7710.6 | G22: -957.42 | H22: 0 | I22: =SUM(G22:H22) -> -957.42
B23: 2.3.2 | C23: Wages | D23: -5613538.9 | E23: 0 | F23: =SUM(D23:E23) -> -5613538.9 | G23: -5555593.9 | H23: 0 | I23: =SUM(G23:H23) -> -5555593.9
B24: 2.3.2.1 | C24: Depreciation | D24: 0 | E24: 0 | F24: =SUM(D24:E24) -> 0 | G24: -351553.64 | H24: 0 | I24: =SUM(G24:H24) -> -351553.64
B25: 2.3.2 | C25: Insurance | D25: -121497.61 | E25: 0 | F25: =SUM(D25:E25) -> -121497.61 | G25: -114683.72 | H25: 0 | I25: =SUM(G25:H25) -> -114683.72
B26: 2.3.2 | C26: Licence and regulatory costs | D26: -104748.97 | E26: 0 | F26: =SUM(D26:E26) -> -104748.97 | G26: -124656.8 | H26: 0 | I26: =SUM(G26:H26) -> -124656.8
B27: 2.3.2 | C27: Directly attributable finance charges | D27: 0 | E27: 0 | F27: =SUM(D27:E27) -> 0 | G27: -5930.88 | H27: 0 | I27: =SUM(G27:H27) -> -5930.88
B28: 2.3.2 | C28: Leasing and rental costs | D28: -24712.4 | E28: 0 | F28: =SUM(D28:E28) -> -24712.4 | G28: -63686.19 | H28: 0 | I28: =SUM(G28:H28) -> -63686.19
B29: 2.3.2 | C29: Other direct costs | D29: -1121721.5 | E29: 0 | F29: =SUM(D29:E29) -> -1121721.5 | G29: -1097348.5 | H29: 0 | I29: =SUM(G29:H29) -> -1097348.5
C30: Total direct costs | D30: =SUM(D22:D29) -> -6993930 | E30: =SUM(E22:E29) -> 0 | F30: =SUM(F22:F29) -> -6993930 | G30: =SUM(G22:G29) -> -7314411.1 | H30: =SUM(H22:H29) -> 0 | I30: =SUM(I22:I29) -> -7314411.1
C31: Shared costs
C32: Employee costs | D32: =SUMIF('2.4 Shared costs'!$C$9:$C$35,'2. Revenues and expenses'!$C32,'2.4 Shared costs'!$H$9:$H$35) -> 0 | E32: =SUMIF('2.4 Shared costs'!$C$9:$C$35,'2. Revenues and expenses'!$C32,'2.4 Shared costs'!$I$9:$I$35) -> 0 | F32: =SUM(D32:E32) -> 0 | G32: 0 | H32: 0 | I32: =SUM(G32:H32) -> 0
C33: Information technology and communication costs | D33: =SUMIF('2.4 Shared costs'!$C$9:$C$35,'2. Revenues and expenses'!$C33,'2.4 Shared costs'!$H$9:$H$35) -> 0 | E33: =SUMIF('2.4 Shared costs'!$C$9:$C$35,'2. Revenues and expenses'!$C33,'2.4 Shared costs'!$I$9:$I$35) -> 0 | F33: =SUM(D33:E33) -> 0 | G33: 0 | H33: 0 | I33: =SUM(G33:H33) -> 0
C34: Indirect operating expenses | D34: =SUMIF('2.4 Shared costs'!$C$9:$C$35,'2. Revenues and expenses'!$C34,'2.4 Shared costs'!$H$9:$H$35) -> 0 | E34: =SUMIF('2.4 Shared costs'!$C$9:$C$35,'2. Revenues and expenses'!$C34,'2.4 Shared costs'!$I$9:$I$35) -> 0 | F34: =SUM(D34:E34) -> 0 | G34: 0 | H34: 0 | I34: =SUM(G34:H34) -> 0
B35: 2.3.2.1 | C35: Shared asset depreciation | D35: =SUMIF('2.4 Shared costs'!$C$9:$C$35,'2. Revenues and expenses'!$C35,'2.4 Shared costs'!$H$9:$H$35) -> 0 | E35: =SUMIF('2.4 Shared costs'!$C$9:$C$35,'2. Revenues and expenses'!$C35,'2.4 Shared costs'!$I$9:$I$35) -> 0 | F35: =SUM(D35:E35) -> 0 | G35: 0 | H35: 0 | I35: =SUM(G35:H35) -> 0
C36: Rental and leasing costs | D36: =SUMIF('2.4 Shared costs'!$C$9:$C$35,'2. Revenues and expenses'!$C36,'2.4 Shared costs'!$H$9:$H$35) -> 0 | E36: =SUMIF('2.4 Shared costs'!$C$9:$C$35,'2. Revenues and expenses'!$C36,'2.4 Shared costs'!$I$9:$I$35) -> 0 | F36: =SUM(D36:E36) -> 0 | G36: 0 | H36: 0 | I36: =SUM(G36:H36) -> 0
C37: Borrowing costs | D37: =SUMIF('2.4 Shared costs'!$C$9:$C$35,'2. Revenues and expenses'!$C37,'2.4 Shared costs'!$H$9:$H$35) -> 0 | E37: =SUMIF('2.4 Shared costs'!$C$9:$C$35,'2. Revenues and expenses'!$C37,'2.4 Shared costs'!$I$9:$I$35) -> 0 | F37: =SUM(D37:E37) -> 0 | G37: 0 | H37: 0 | I37: =SUM(G37:H37) -> 0
C38: Loss from sale of shared fixed assets | D38: =SUMIF('2.4 Shared costs'!$C$9:$C$35,'2. Revenues and expenses'!$C38,'2.4 Shared costs'!$H$9:$H$35) -> 0 | E38: =SUMIF('2.4 Shared costs'!$C$9:$C$35,'2. Revenues and expenses'!$C38,'2.4 Shared costs'!$I$9:$I$35) -> 0 | F38: =SUM(D38:E38) -> 0 | G38: 0 | H38: 0 | I38: =SUM(G38:H38) -> 0
B39: 2.4.4 | C39: Impairment losses (nature of the impairment loss) | D39: =SUMIF('2.4 Shared costs'!$C$9:$C$35,'2. Revenues and expenses'!$C39,'2.4 Shared costs'!$H$9:$H$35) -> -11101489 | E39: =SUMIF('2.4 Shared costs'!$C$9:$C$35,'2. Revenues and expenses'!$C39,'2.4 Shared costs'!$I$9:$I$35) -> 0 | F39: =SUM(D39:E39) -> -11101489 | G39: -5664930.2 | H39: 0 | I39: =SUM(G39:H39) -> -5664930.2
B40: 2.3.2.2 | C40: Other shared costs | D40: =SUMIF('2.4 Shared costs'!$C$9:$C$35,'2. Revenues and expenses'!$C40,'2.4 Shared costs'!$H$9:$H$35) -> -797434.13 | E40: =SUMIF('2.4 Shared costs'!$C$9:$C$35,'2. Revenues and expenses'!$C40,'2.4 Shared costs'!$I$9:$I$35) -> 0 | F40: =SUM(D40:E40) -> -797434.13 | G40: -971552.46 | H40: 0 | I40: =SUM(G40:H40) -> -971552.46
C41: Total shared costs allocated | D41: =SUM(D32:D40) -> -11898924 | E41: =SUM(E32:E40) -> 0 | F41: =SUM(F32:F40) -> -11898924 | G41: -6636482.7 | H41: 0 | I41: =SUM(I32:I40) -> -6636482.7
C42: Total costs | D42: =D30+D41 -> -18892854 | E42: =E30+E41 -> 0 | F42: =F30+F41 -> -18892854 | G42: -13950894 | H42: 0 | I42: =I30+I41 -> -13950894
C43: Earnings before Interest and tax (EBIT) | D43: =D20+D42 -> -8289017.1 | E43: =E20+E42 -> 0 | F43: =F20+F42 -> -8289017.1 | G43: -2172765.6 | H43: 0 | I43: =I20+I42 -> -2172765.6

Sheet 2.1 Revenue by service
B1: Revenue by service
B2: =Tradingname -> APT PARMELIA PTY LTD
B3: Reporting Period | C3: =TEXT(Yearstart,"dd/mm/yyyy")&" to "&TEXT(Yearending,"dd/mm/yyyy") -> 01/07/2022 to 30/06/2023
B5: Table 2.1.1: Revenue by service
D7: Reporting period | G7: Previous reporting period
B8: Basis of Preparation reference | C8: Description | D8: Amounts excluding related party transactions | E8: Related party transactions | F8: Total | G8: Amounts excluding related party transactions | H8: Related party transactions | I8: Total
D9: $ nominal | E9: $ nominal | F9: $ nominal | G9: $ nominal | H9: $ nominal | I9: $ nominal
C10: Revenue by service
B11: 2.3.1 & 2.3.1.1 | C11: Firm forward haul transportation services | D11: 5102015.1 | E11: 0 | F11: =SUM(D11:E11) -> 5102015.1 | G11: 4337030.9 | H11: 0 | I11: =SUM(G11:H11) -> 4337030.9
B12: 2.3.1 | C12: Interruptible or as available transportation services | D12: 978752.62 | E12: 0 | F12: =SUM(D12:E12) -> 978752.62 | G12: 396087.92 | H12: 0 | I12: =SUM(G12:H12) -> 396087.92
B13: 2.3.1 | C13: Backhaul services | D13: 0 | E13: 0 | F13: =SUM(D13:E13) -> 0 | G13: 2541.6 | H13: 0 | I13: =SUM(G13:H13) -> 2541.6
B14: 2.3.1 | C14: Firm stand-alone compression service | D14: 0 | E14: 0 | F14: =SUM(D14:E14) -> 0 | G14: 0 | H14: 0 | I14: =SUM(G14:H14) -> 0
B15: 2.3.1 | C15: Interruptible or as available stand-alone compression service | D15: 0 | E15: 0 | F15: =SUM(D15:E15) -> 0 | G15: 0 | H15: 0 | I15: =SUM(G15:H15) -> 0
B16: 2.3.1 | C16: Park services | D16: 0 | E16: 0 | F16: =SUM(D16:E16) -> 0 | G16: 0 | H16: 0 | I16: =SUM(G16:H16) -> 0
B17: 2.3.1 | C17: Park and loan services | D17: 0 | E17: 0 | F17: =SUM(D17:E17) -> 0 | G17: 0 | H17: 0 | I17: =SUM(G17:H17) -> 0
B18: 2.3.1 | C18: Capacity trading service | D18: 0 | E18: 0 | F18: =SUM(D18:E18) -> 0 | G18: 0 | H18: 0 | I18: =SUM(G18:H18) -> 0
B19: 2.3.1 | C19: In pipe trading service | D19: 3220.81 | E19: 0 | F19: =SUM(D19:E19) -> 3220.81 | G19: 1072.64 | H19: 0 | I19: =SUM(G19:H19) -> 1072.64
B20: 2.3.1 | C20: Other pipeline revenue (if relevant) | D20: 272269.51 | E20: 0 | F20: =SUM(D20:E20) -> 272269.51 | G20: 526526.78 | H20: 0 | I20: =SUM(G20:H20) -> 526526.78
C21: Total service revenue | D21: =SUM(D11:D20) -> 6356258.1 | E21: =SUM(E11:E20) -> 0 | F21: =SUM(F11:F20) -> 6356258.1 | G21: =SUM(G11:G20) -> 5263259.8 | H21: =SUM(H11:H20) -> 0 | I21: =SUM(I11:I20) -> 5263259.8

Sheet 2.2 Revenue contributions 
B1: Revenue - contributions
B2: =Tradingname -> APT PARMELIA PTY LTD
B3: Reporting Period | C3: =TEXT(Yearstart,"dd/mm/yyyy")&" to "&TEXT(Yearending,"dd/mm/yyyy") -> 01/07/2022 to 30/06/2023
B5: Table 2.2.1: Customer contributions received
B7: Description | C7: Amounts excluding related party transactions | D7: Related party transactions | E7: Total
C8: $ nominal | D8: $ nominal | E8: $ nominal
B9: Customer Contributions | C9: 0 | D9: 0 | E9: =SUM(C9:D9) -> 0
E10: =SUM(C10:D10) -> 0
E11: =SUM(C11:D11) -> 0
E12: =SUM(C12:D12) -> 0
E13: =SUM(C13:D13) -> 0
E14: =SUM(C14:D14) -> 0
B15: Total | C15: =SUM(C9:C14) -> 0 | D15: =SUM(D9:D14) -> 0 | E15: =SUM(E9:E14) -> 0
B17: Table 2.2.2: Government contributions received
B19: Source | C19: Description | D19: Total
D20: $ nominal
B27: Total | D27: =SUM(D21:D26) -> 0

Sheet 2.3 Indirect revenue
B1: Indirect revenue
B2: =Tradingname -> APT PARMELIA PTY LTD | E2: Please ensure allocation methodologies are explained in sufficient detail in the Basis of Preparation as required under section 3.2.4 of the Guideline
B3: Reporting Period | C3: =TEXT(Yearstart,"dd/mm/yyyy")&" to "&TEXT(Yearending,"dd/mm/yyyy") -> 01/07/2022 to 30/06/2023
B5: Table 2.3.1: Indirect revenue allocation
B7: Basis of Preparation reference | C7: Description | D7: Indirect revenue excluding related parties | E7: Indirect revenue from related parties | F7: % allocated to pipeline | G7: Total allocated to pipeline excluding related parties | H7: Total related party amounts allocated to pipeline
C8: (list each individual revenue item) | D8: $ nominal | E8: $ nominal | G8: $ nominal | H8: $ nominal
G9: =D9*F9 -> 0 | H9: =E9*F9 -> 0
G10: =D10*F10 -> 0 | H10: =E10*F10 -> 0
G11: =D11*F11 -> 0 | H11: =E11*F11 -> 0
G12: =D12*F12 -> 0 | H12: =E12*F12 -> 0
G13: =D13*F13 -> 0 | H13: =E13*F13 -> 0
G14: =D14*F14 -> 0 | H14: =E14*F14 -> 0
G15: =D15*F15 -> 0 | H15: =E15*F15 -> 0
G16: =D16*F16 -> 0 | H16: =E16*F16 -> 0
G17: =D17*F17 -> 0 | H17: =E17*F17 -> 0
G18: =D18*F18 -> 0 | H18: =E18*F18 -> 0
G19: =D19*F19 -> 0 | H19: =E19*F19 -> 0
G20: =D20*F20 -> 0 | H20: =E20*F20 -> 0
... G35: =D35*F35 -> 0 | H35: =E35*F35 -> 0
C36: Total | D36: =SUM(D9:D35) -> 0 | E36: =SUM(E9:E35) -> 0 | G36: =SUM(G9:G35) -> 0 | H36: =SUM(H9:H35) -> 0

Sheet 2.4 Shared costs
B1: Shared costs
B2: =Tradingname -> APT PARMELIA PTY LTD | E2: Please ensure allocation methodologies are explained in sufficient detail in the Basis of Preparation as required under section 3.2.4 of the Guideline
B3: Reporting Period | C3: =TEXT(Yearstart,"dd/mm/yyyy")&" to "&TEXT(Yearending,"dd/mm/yyyy") -> 01/07/2022 to 30/06/2023
B5: Table 2.4.1: Shared cost allocation
B7: Basis of Preparation reference | C7: Description | D7: Income statement account applied to | E7: Shared costs excluding related parties | F7: Shared costs paid to related parties | G7: % allocated to pipeline | H7: Total allocated to pipeline excluding related parties | I7: Total related party amounts allocated to pipeline
C8: (list each individual cost) | E8: $ nominal | F8: $ nominal | H8: $ nominal | I8: $ nominal
C9: Employee costs | H9: =E9*G9 -> 0 | I9: =F9*G9 -> 0
C10: Information technology and communication costs | H10: =E10*G10 -> 0 | I10: =F10*G10 -> 0
C11: Indirect operating expenses | H11: =E11*G11 -> 0 | I11: =F11*G11 -> 0
B12: 2.3.2.1 | C12: Shared asset depreciation | E12: -41363581 | H12: =E12*G12 -> 0 | I12: =F12*G12 -> 0
C13: Rental and leasing costs | H13: =E13*G13 -> 0 | I13: =F13*G13 -> 0
C14: Borrowing costs | H14: =E14*G14 -> 0 | I14: =F14*G14 -> 0
C15: Loss from sale of shared fixed assets | H15: =E15*G15 -> 0 | I15: =F15*G15 -> 0
C16: Impairment losses (nature of the impairment loss) | E16: -11101489 | G16: 1 | H16: =E16*G16 -> -11101489 | I16: =F16*G16 -> 0
C17: Other shared costs | E17: =SUM(E18:E35) -> -1.973345e+08 | F17: =SUM(F18:F35) -> 0 | H17: =SUM(H18:H35) -> -797434.13 | I17: =SUM(I18:I35) -> 0
B18: 2.3.2.2 | C18: Corporate operating expenditure | E18: -1.8710374e+08 | G18: 0.0042619894 | H18: =E18*G18 -> -797434.13 | I18: =F18*G18 -> 0
B19: 2.3.2.2 | C19: Shared leased interest (Refer to Note 6) | E19: -1341212.8 | G19: 0 | H19: =E19*G19 -> 0 | I19: =F19*G19 -> 0
B20: 2.3.2.1 | C20: Shared leased asset depreciation (Refer to Note 6) | E20: -8889555.5 | G20: =G19 -> 0 | H20: =E20*G20 -> 0 | I20: =F20*G20 -> 0
H21: =E21*G21 -> 0 | I21: =F21*G21 -> 0
H22: =E22*G22 -> 0 | I22: =F22*G22 -> 0
H23: =E23*G23 -> 0 | I23: =F23*G23 -> 0
H24: =E24*G24 -> 0 | I24: =F24*G24 -> 0
H25: =E25*G25 -> 0 | I25: =F25*G25 -> 0
H26: =E26*G26 -> 0 | I26: =F26*G26 -> 0
H27: =E27*G27 -> 0 | I27: =F27*G27 -> 0
H28: =E28*G28 -> 0 | I28: =F28*G28 -> 0
H29: =E29*G29 -> 0 | I29: =F29*G29 -> 0
H30: =E30*G30 -> 0 | I30: =F30*G30 -> 0
H31: =E31*G31 -> 0 | I31: =F31*G31 -> 0
H32: =E32*G32 -> 0 | I32: =F32*G32 -> 0
... H35: =E35*G35 -> 0 | I35: =F35*G35 -> 0
C36: Total | E36: =SUM(E9:E17) -> -2.4979957e+08 | F36: =SUM(F9:F17) -> 0 | H36: =SUM(H9:H17) -> -11898924 | I36: =SUM(I9:I17) -> 0

Sheet 3. Statement of pipeline assets
B1: Statement of pipeline assets
B2: =Tradingname -> APT PARMELIA PTY LTD
B3: Reporting Period | C3: =TEXT(Yearstart,"dd/mm/yyyy")&" to "&TEXT(Yearending,"dd/mm/yyyy") -> 01/07/2022 to 30/06/2023
B5: Table 3.1: Pipeline assets
B7: Basis of Preparation reference | C7: Description | D7: Reporting period | E7: Previous reporting period
C8: Pipeline Assets
C9: Pipelines | D9: $ nominal | E9: $ nominal
B10: 2.4 | C10: Initial construction or acquisition costs | D10: =SUMIF('3.3 Depreciation amortisation'!$D$9:$D$52,'3. Statement of pipeline assets'!C9,'3.3 Depreciation amortisation'!$H$9:$H$52) -> 10314985 | E10: 10314985
B11: 2.4 | C11: Additions | D11: =SUMIF('3.3 Depreciation amortisation'!$D$9:$D$52,'3. Statement of pipeline assets'!C9,'3.3 Depreciation amortisation'!$I$9:$I$52) -> 42239813 | E11: 40840627
B12: 2.4 | C12: Capitalised maintenance or improvements | D12: =SUMIF('3.3 Depreciation amortisation'!$D$9:$D$52,'3. Statement of pipeline assets'!C9,'3.3 Depreciation amortisation'!$J$9:$J$52) -> 4302266 | E12: 3227969.1
C13: Total capitalised pipeline construction costs | D13: =SUM(D10:D12) -> 56857064 | E13: =SUM(E10:E12) -> 54383582
B14: 2.4 | C14: Depreciation and impairment | D14: =SUMIF('3.3 Depreciation amortisation'!$D$9:$D$52,'3. Statement of pipeline assets'!C9,'3.3 Depreciation amortisation'!$M$9:$M$52)+SUMIF('3.3 Depreciation amortisation'!$D$9:$D$52,'3. Statement of pipeline assets'!C9,'3.3 Depreciation amortisation'!$N$9:$N$52) -> -54437318 | E14: -51963836
B15: 2.4 | C15: Disposals or early termination (at cost) | D15: =SUMIF('3.3 Depreciation amortisation'!$D$9:$D$52,'3. Statement of pipeline assets'!C9,'3.3 Depreciation amortisation'!$K$9:$K$52) -> -2419745.3 | E15: -2419745.3
C16: Closing pipeline carrying value | D16: =SUM(D13:D15) -> 3.7252903e-09 | E16: =SUM(E13:E15) -> -3.7252903e-09
C17: Compressors
B18: 2.4 | C18: Initial construction or acquisition costs | D18: =SUMIF('3.3 Depreciation amortisation'!$D$9:$D$52,'3. Statement of pipeline assets'!C17,'3.3 Depreciation amortisation'!$H$9:$H$52) -> 582242.42 | E18: 582242.42
B19: 2.4 | C19: Additions | D19: =SUMIF('3.3 Depreciation amortisation'!$D$9:$D$52,'3. Statement of pipeline assets'!C17,'3.3 Depreciation amortisation'!$I$9:$I$52) -> 1360366.4 | E19: 1360366.4
B20: 2.4 | C20: Capitalised maintenance or improvements | D20: =SUMIF('3.3 Depreciation amortisation'!$D$9:$D$52,'3. Statement of pipeline assets'!C17,'3.3 Depreciation amortisation'!$J$9:$J$52) -> 0 | E20: 0
B21: 2.4 | C21: Depreciation and impairment | D21: =SUMIF('3.3 Depreciation amortisation'!$D$9:$D$52,'3. Statement of pipeline assets'!C17,'3.3 Depreciation amortisation'!$M$9:$M$52)+SUMIF('3.3 Depreciation amortisation'!$D$9:$D$52,'3. Statement of pipeline assets'!C17,'3.3 Depreciation amortisation'!$N$9:$N$52) -> -1576208.8 | E21: -1576208.8
B22: 2.4 | C22: Disposal or early termination (at cost) | D22: =SUMIF('3.3 Depreciation amortisation'!$D$9:$D$52,'3. Statement of pipeline assets'!C17,'3.3 Depreciation amortisation'!$K$9:$K$52) -> -366399.99 | E22: -366399.99
C23: Closing compressors carrying value | D23: =SUM(D18:D22) -> 0 | E23: =SUM(E18:E22) -> 0
C24: City Gates, supply regulators and valve stations
B25: 2.4 | C25: Initial construction or acquisition costs | D25: =SUMIF('3.3 Depreciation amortisation'!$D$9:$D$52,'3. Statement of pipeline assets'!C24,'3.3 Depreciation amortisation'!$H$9:$H$52) -> 232221.87 | E25: 232221.87
B26: 2.4 | C26: Additions | D26: =SUMIF('3.3 Depreciation amortisation'!$D$9:$D$52,'3. Statement of pipeline assets'!C24,'3.3 Depreciation amortisation'!$I$9:$I$52) -> 781984.5 | E26: 781984.5
B27: 2.4 | C27: Capitalised maintenance or improvements | D27: =SUMIF('3.3 Depreciation amortisation'!$D$9:$D$52,'3. Statement of pipeline assets'!C24,'3.3 Depreciation amortisation'!$J$9:$J$52) -> 0 | E27: 0
B28: 2.4 | C28: Depreciation and impairment | D28: =SUMIF('3.3 Depreciation amortisation'!$D$9:$D$52,'3. Statement of pipeline assets'!C24,'3.3 Depreciation amortisation'!$M$9:$M$52)+SUMIF('3.3 Depreciation amortisation'!$D$9:$D$52,'3. Statement of pipeline assets'!C24,'3.3 Depreciation amortisation'!$N$9:$N$52) -> -884700.2 | E28: -884700.2
B29: 2.4 | C29: Disposal or early termination (at cost) | D29: =SUMIF('3.3 Depreciation amortisation'!$D$9:$D$52,'3. Statement of pipeline assets'!C24,'3.3 Depreciation amortisation'!$K$9:$K$52) -> -129506.17 | E29: -129506.17
C30: Closing city gates, supply regulators and valve stations carrying value | D30: =SUM(D25:D29) -> 0 | E30: =SUM(E25:E29) -> 0
C31: Metering
B32: 2.4 | C32: Initial construction or acquisition costs | D32: =SUMIF('3.3 Depreciation amortisation'!$D$9:$D$52,'3. Statement of pipeline assets'!C31,'3.3 Depreciation amortisation'!$H$9:$H$52) -> 388978.41 | E32: 388978.41
B33: 2.4 | C33: Additions | D33: =SUMIF('3.3 Depreciation amortisation'!$D$9:$D$52,'3. Statement of pipeline assets'!C31,'3.3 Depreciation amortisation'!$I$9:$I$52) -> 10746703 | E33: 10746703
B34: 2.4 | C34: Capitalised maintenance or improvements | D34: =SUMIF('3.3 Depreciation amortisation'!$D$9:$D$52,'3. Statement of pipeline assets'!C31,'3.3 Depreciation amortisation'!$J$9:$J$52) -> 0 | E34: 0
B35: 2.4 | C35: Depreciation and impairment | D35: =SUMIF('3.3 Depreciation amortisation'!$D$9:$D$52,'3. Statement of pipeline assets'!C31,'3.3 Depreciation amortisation'!$M$9:$M$52)+SUMIF('3.3 Depreciation amortisation'!$D$9:$D$52,'3. Statement of pipeline assets'!C31,'3.3 Depreciation amortisation'!$N$9:$N$52) -> -10915719 | E35: -10915719
B36: 2.4 | C36: Disposal or early termination (at cost) | D36: =SUMIF('3.3 Depreciation amortisation'!$D$9:$D$52,'3. Statement of pipeline assets'!C31,'3.3 Depreciation amortisation'!$K$9:$K$52) -> -219962.52 | E36: -219962.52
C37: Closing Metering | D37: =SUM(D32:D36) -> 0 | E37: =SUM(E32:E36) -> 0
C38: Odorant plants
B39: 2.4 | C39: Initial construction or acquisition costs | D39: =SUMIF('3.3 Depreciation amortisation'!$D$9:$D$52,'3. Statement of pipeline assets'!C38,'3.3 Depreciation amortisation'!$H$9:$H$52) -> 19917.874 | E39: 19917.874
B40: 2.4 | C40: Additions | D40: =SUMIF('3.3 Depreciation amortisation'!$D$9:$D$52,'3. Statement of pipeline assets'!C38,'3.3 Depreciation amortisation'!$I$9:$I$52) -> 994392.62 | E40: 994392.62
B41: 2.4 | C41: Capitalised maintenance or improvements | D41: =SUMIF('3.3 Depreciation amortisation'!$D$9:$D$52,'3. Statement of pipeline assets'!C38,'3.3 Depreciation amortisation'!$J$9:$J$52) -> 0 | E41: 0
B42: 2.4 | C42: Depreciation and impairment | D42: =SUMIF('3.3 Depreciation amortisation'!$D$9:$D$52,'3. Statement of pipeline assets'!C38,'3.3 Depreciation amortisation'!$M$9:$M$52)+SUMIF('3.3 Depreciation amortisation'!$D$9:$D$52,'3. Statement of pipeline assets'!C38,'3.3 Depreciation amortisation'!$N$9:$N$52) -> -1014310.5 | E42: -1014310.5
B43: 2.4 | C43: Disposal or early termination (at cost) | D43: =SUMIF('3.3 Depreciation amortisation'!$D$9:$D$52,'3. Statement of pipeline assets'!C38,'3.3 Depreciation amortisation'!$K$9:$K$52) -> 0 | E43: 0
C44: Closing odorant plants carrying value | D44: =SUM(D39:D43) -> 0 | E44: =SUM(E39:E43) -> 0
C45: SCADA (Communications)
B46: 2.4 | C46: Initial construction or acquisition costs | D46: =SUMIF('3.3 Depreciation amortisation'!$D$9:$D$52,'3. Statement of pipeline assets'!C45,'3.3 Depreciation amortisation'!$H$9:$H$52) -> 9937.0772 | E46: 9937.0772
B47: 2.4 | C47: Additions | D47: =SUMIF('3.3 Depreciation amortisation'!$D$9:$D$52,'3. Statement of pipeline assets'!C45,'3.3 Depreciation amortisation'!$I$9:$I$52) -> 1850605.2 | E47: 1850605.2
B48: 2.4 | C48: Capitalised maintenance or improvements | D48: =SUMIF('3.3 Depreciation amortisation'!$D$9:$D$52,'3. Statement of pipeline assets'!C45,'3.3 Depreciation amortisation'!$J$9:$J$52) -> 0 | E48: 0
B49: 2.4 | C49: Depreciation and impairment | D49: =SUMIF('3.3 Depreciation amortisation'!$D$9:$D$52,'3. Statement of pipeline assets'!C45,'3.3 Depreciation amortisation'!$M$9:$M$52)+SUMIF('3.3 Depreciation amortisation'!$D$9:$D$52,'3. Statement of pipeline assets'!C45,'3.3 Depreciation amortisation'!$N$9:$N$52) -> -1682451.2 | E49: -1682451.2
B50: 2.4 | C50: Disposal or early termination (at cost) | D50: =SUMIF('3.3 Depreciation amortisation'!$D$9:$D$52,'3. Statement of pipeline assets'!C45,'3.3 Depreciation amortisation'!$K$9:$K$52) -> -178091 | E50: -178091
C51: Closing SCADA carrying value | D51: =SUM(D46:D50) -> -2.3283064e-10 | E51: =SUM(E46:E50) -> -2.3283064e-10
C52: Buildings
B53: 2.4 | C53: Initial construction or acquisition costs | D53: =SUMIF('3.3 Depreciation amortisation'!$D$9:$D$52,'3. Statement of pipeline assets'!C52,'3.3 Depreciation amortisation'!$H$9:$H$52) -> 59530.884 | E53: 59530.884
B54: 2.4 | C54: Additions | D54: =SUMIF('3.3 Depreciation amortisation'!$D$9:$D$52,'3. Statement of pipeline assets'!C52,'3.3 Depreciation amortisation'!$I$9:$I$52) -> 847715.54 | E54: 847715.54
B55: 2.4 | C55: Capitalised maintenance or improvements | D55: =SUMIF('3.3 Depreciation amortisation'!$D$9:$D$52,'3. Statement of pipeline assets'!C52,'3.3 Depreciation amortisation'!$J$9:$J$52) -> 0 | E55: 0
B56: 2.4 | C56: Depreciation and impairment | D56: =SUMIF('3.3 Depreciation amortisation'!$D$9:$D$52,'3. Statement of pipeline assets'!C52,'3.3 Depreciation amortisation'!$M$9:$M$52)+SUMIF('3.3 Depreciation amortisation'!$D$9:$D$52,'3. Statement of pipeline assets'!C52,'3.3 Depreciation amortisation'!$N$9:$N$52) -> -707618.83 | E56: -707618.83
B57: 2.4 | C57: Disposal or early termination (at cost) | D57: =SUMIF('3.3 Depreciation amortisation'!$D$9:$D$52,'3. Statement of pipeline assets'!C52,'3.3 Depreciation amortisation'!$K$9:$K$52) -> -199627.59 | E57: -199627.59
C58: Closing buildings carrying value | D58: =SUM(D53:D57) -> 0 | E58: =SUM(E53:E57) -> 0
C59: Land and easements
B60: 2.4 | C60: Initial construction or acquisition costs | D60: =SUMIF('3.3 Depreciation amortisation'!$D$9:$D$52,'3. Statement of pipeline assets'!C59,'3.3 Depreciation amortisation'!$H$9:$H$52) -> 499349.66 | E60: 499349.66
B61: 2.4 | C61: Additions | D61: =SUMIF('3.3 Depreciation amortisation'!$D$9:$D$52,'3. Statement of pipeline assets'!C59,'3.3 Depreciation amortisation'!$I$9:$I$52) -> 250867.05 | E61: 250867.05
B62: 2.4 | C62: Capitalised maintenance or improvements | D62: =SUMIF('3.3 Depreciation amortisation'!$D$9:$D$52,'3. Statement of pipeline assets'!C59,'3.3 Depreciation amortisation'!$J$9:$J$52) -> 0 | E62: 0
B63: 2.4 | C63: Impairment | D63: =SUMIF('3.3 Depreciation amortisation'!$D$9:$D$52,'3. Statement of pipeline assets'!C59,'3.3 Depreciation amortisation'!$N$9:$N$52)+SUMIF('3.3 Depreciation amortisation'!$D$9:$D$52,'3. Statement of pipeline assets'!C59,'3.3 Depreciation amortisation'!$M$9:$M$52) -> -727577.93 | E63: -727577.93
B64: 2.4 | C64: Disposal or early termination (at cost) | D64: =SUMIF('3.3 Depreciation amortisation'!$D$9:$D$52,'3. Statement of pipeline assets'!C59,'3.3 Depreciation amortisation'!$K$9:$K$52) -> -22638.78 | E64: -22638.78
C65: Closing land and easements carrying value | D65: =SUM(D60:D64) -> 2.910383e-11 | E65: =SUM(E60:E64) -> 2.910383e-11
C66: Other depreciable pipeline assets
B67: 2.4 | C67: Initial construction or acquisition costs | D67: =SUMIF('3.3 Depreciation amortisation'!$D$9:$D$52,'3. Statement of pipeline assets'!C66,'3.3 Depreciation amortisation'!$H$9:$H$52) -> 537034.43 | E67: 537034.43
B68: 2.4 | C68: Additions | D68: =SUMIF('3.3 Depreciation amortisation'!$D$9:$D$52,'3. Statement of pipeline assets'!C66,'3.3 Depreciation amortisation'!$I$9:$I$52) -> 5298819.9 | E68: 5203762.4
B69: 2.4 | C69: Capitalised maintenance or improvements | D69: =SUMIF('3.3 Depreciation amortisation'!$D$9:$D$52,'3. Statement of pipeline assets'!C66,'3.3 Depreciation amortisation'!$J$9:$J$52) -> 0 | E69: 0
B70: 2.4 | C70: Depreciation and impairment | D70: =SUMIF('3.3 Depreciation amortisation'!$D$9:$D$52,'3. Statement of pipeline assets'!C66,'3.3 Depreciation amortisation'!$M$9:$M$52)+SUMIF('3.3 Depreciation amortisation'!$D$9:$D$52,'3. Statement of pipeline assets'!C66,'3.3 Depreciation amortisation'!$N$9:$N$52) -> -3454723.8 | E70: -3359666.3
B71: 2.4 | C71: Disposal or early termination (at cost) | D71: =SUMIF('3.3 Depreciation amortisation'!$D$9:$D$52,'3. Statement of pipeline assets'!C66,'3.3 Depreciation amortisation'!$K$9:$K$52) -> -2381130.6 | E71: -2381130.6
C72: Closing other depreciable pipeline assets carrying value | D72: =SUM(D67:D71) -> 0 | E72: =SUM(E67:E71) -> 0
C73: Leased Assets
B74: 2.4 | C74: Initial construction or acquisition costs | D74: =SUMIF('3.3 Depreciation amortisation'!$D$9:$D$52,'3. Statement of pipeline assets'!C73,'3.3 Depreciation amortisation'!$H$9:$H$52) -> 627279.98 | E74: 627279.98
B75: 2.4 | C75: Additions | D75: =SUMIF('3.3 Depreciation amortisation'!$D$9:$D$52,'3. Statement of pipeline assets'!C73,'3.3 Depreciation amortisation'!$I$9:$I$52) -> 1569986.9 | E75: 339491.23
B76: 2.4 | C76: Capitalised maintenance or improvements | D76: =SUMIF('3.3 Depreciation amortisation'!$D$9:$D$52,'3. Statement of pipeline assets'!C73,'3.3 Depreciation amortisation'!$J$9:$J$52) -> 0 | E76: 0
B77: 2.4 | C77: Depreciation (amortisation) and impairment | D77: =SUMIF('3.3 Depreciation amortisation'!$D$9:$D$52,'3. Statement of pipeline assets'!C73,'3.3 Depreciation amortisation'!$M$9:$M$52)+SUMIF('3.3 Depreciation amortisation'!$D$9:$D$52,'3. Statement of pipeline assets'!C73,'3.3 Depreciation amortisation'!$N$9:$N$52) -> -2197266.9 | E77: -966771.21
B78: 2.4 | C78: Disposal or early termination (at cost) | D78: =SUMIF('3.3 Depreciation amortisation'!$D$9:$D$52,'3. Statement of pipeline assets'!C73,'3.3 Depreciation amortisation'!$K$9:$K$52) -> 0 | E78: 0
C79: Closing leased asset carrying value | D79: =SUM(D74:D78) -> 0 | E79: =SUM(E74:E78) -> -3.4924597e-10
B80: 2.4 | C80: Other non-depreciable pipeline assets | D80: 2110606 | E80: 1440281.8
C81: Total pipeline assets | D81: =SUM(D16,D23,D30,D37,D44,D51,D58,D65,D72,D79, D80) -> 2110606 | E81: =SUM(E16,E23,E30,E37,E44,E51,E58,E65,E72,E79, E80) -> 1440281.8
C82: Shared supporting assets allocated
C83: Shared property, plant and equipment
B84: 2.4.5 | C84: Initial construction or acquisition costs | D84: =SUMIF('3.3 Depreciation amortisation'!$D$60:$D$83,$C$83,'3.3 Depreciation amortisation'!$G$60:$G$83) -> 3394907.2 | E84: 3133586
B85: 2.4.5 | C85: Additions | D85: =SUMIF('3.3 Depreciation amortisation'!$D$60:$D$83,$C$83,'3.3 Depreciation amortisation'!$H$60:$H$83) -> 0 | E85: 0
B86: 2.4.5 | C86: Capitalised maintenance or improvements | D86: =SUMIF('3.3 Depreciation amortisation'!$D$60:$D$83,$C$83,'3.3 Depreciation amortisation'!$I$60:$I$83) -> 0 | E86: 0
B87: 2.4.5 | C87: Depreciation and impairment | D87: =SUMIF('3.3 Depreciation amortisation'!$D$60:$D$83,$C$83,'3.3 Depreciation amortisation'!$L$60:$L$83)+SUMIF('3.3 Depreciation amortisation'!$D$60:$D$83,$C$83,'3.3 Depreciation amortisation'!$M$60:$M$83) -> -3080333 | E87: -2819255.5
B88: 2.4.5 | C88: Disposal or early termination (at cost) | D88: =SUMIF('3.3 Depreciation amortisation'!$D$60:$D$83,$C$83,'3.3 Depreciation amortisation'!$J$60:$J$83) -> -314574.21 | E88: -314330.47
C89: Closing shared property, plant and equipment carrying value | D89: =SUM(D84:D88) -> 0 | E89: =SUM(E84:E88) -> 0
C90: Shared leased assets
B91: 2.4.5 | C91: Initial construction or acquisition costs | D91: =SUMIF('3.3 Depreciation amortisation'!$D$60:$D$83,$C$90,'3.3 Depreciation amortisation'!$G$60:$G$83) -> 98361.467 | E91: 98361.467
B92: 2.4.5 | C92: Additions | D92: =SUMIF('3.3 Depreciation amortisation'!$D$60:$D$83,$C$90,'3.3 Depreciation amortisation'!$H$60:$H$83) -> 197815.58 | E92: 197815.58
B93: 2.4.5 | C93: Capitalised maintenance or improvements | D93: =SUMIF('3.3 Depreciation amortisation'!$D$60:$D$83,$C$90,'3.3 Depreciation amortisation'!$I$60:$I$83) -> 0 | E93: 0
B94: 2.4.5 | C94: Depreciation (amortisation) and impairment | D94: =SUMIF('3.3 Depreciation amortisation'!$D$60:$D$83,$C$90,'3.3 Depreciation amortisation'!$L$60:$L$83)+SUMIF('3.3 Depreciation amortisation'!$D$60:$D$83,$C$90,'3.3 Depreciation amortisation'!$M$60:$M$83) -> -275051.9 | E94: -275051.9
B95: 2.4.5 | C95: Disposal or early termination (at cost) | D95: =SUMIF('3.3 Depreciation amortisation'!$D$60:$D$83,$C$90,'3.3 Depreciation amortisation'!$J$60:$J$83) -> -21125.156 | E95: -21125.156
C96: Closing shared leased asset carrying value | D96: =SUM(D91:D95) -> -5.8207661e-11 | E96: =SUM(E91:E95) -> -5.8207661e-11
C97: Inventories | D97: 0 | E97: 0
C98: Deferred tax assets | D98: 4295375.6 | E98: 4719376.2
C99: Other assets | D99: 0 | E99: 0
C100: Total shared supporting assets allocated | D100: =SUM(D89,D96:D99) -> 4295375.6 | E100: =SUM(E89,E96:E99) -> 4719376.2
C101: TOTAL ASSETS | D101: =SUM(D81,D100) -> 6405981.6 | E101: =SUM(E81,E100) -> 6159658

Sheet 3.3 Depreciation amortisation
B1: Depreciation and amortisation
B2: =Tradingname -> APT PARMELIA PTY LTD
B3: Reporting Period | C3: =TEXT(Yearstart,"dd/mm/yyyy")&" to "&TEXT(Yearending,"dd/mm/yyyy") -> 01/07/2022 to 30/06/2023
B5: Table 3.3.1: Pipeline assets at cost | I5: Additions, capitalised maintenance and disposals must be reported on a cumulative basis
B7: Basis of Preparation reference | C7: Description | D7: Category | E7: Acquisition date | F7: Useful life | G7: Estimated residual value | H7: Initial construction or acquisition cost | I7: Additions | J7: Capitalised maintenance or improvements | K7: Disposals or Early termination | L7: Cost base | M7: Prior years' accumulated depreciation | N7: Current year depreciation | O7: Written down value
F8: Years | G8: $ nominal | H8: $ nominal | I8: $ nominal | J8: $ nominal | K8: $ nominal | L8: $ nominal | M8: $ nominal | N8: $ nominal | O8: $ nominal
B9: 2.4 | D9: Pipelines | E9: ='3.1 Asset useful life'!D9 -> 17/8/2004 to 30/6/2023 | F9: 80 | G9: 0 | H9: 10314985 | I9: 42239813 | J9: 4302266 | K9: -2419745.3 | L9: =SUM(H9:K9) -> 54437318 | M9: -37695511 | N9: -16741808 | O9: =SUM(L9:N9) -> 0
B10: 2.4 | D10: Compressors | E10: ='3.1 Asset useful life'!D10 -> 17/8/2004 to 30/6/2023 | F10: 35 | G10: 0 | H10: 582242.42 | I10: 1360366.4 | J10: 0 | K10: -366399.99 | L10: =SUM(H10:K10) -> 1576208.8 | M10: -1576208.8 | N10: 0 | O10: =SUM(L10:N10) -> 0
B11: 2.4 | D11: City Gates, supply regulators and valve stations | E11: ='3.1 Asset useful life'!D11 -> 17/8/2004 to 30/6/2023 | F11: 50 | G11: 0 | H11: 232221.87 | I11: 781984.5 | J11: 0 | K11: -129506.17 | L11: =SUM(H11:K11) -> 884700.2 | M11: -884700.2 | N11: 0 | O11: =SUM(L11:N11) -> 0
B12: 2.4 | D12: Metering | E12: ='3.1 Asset useful life'!D12 -> 17/8/2004 to 30/6/2023 | F12: 50 | G12: 0 | H12: 388978.41 | I12: 10746703 | J12: 0 | K12: -219962.52 | L12: =SUM(H12:K12) -> 10915719 | M12: -10915719 | N12: 0 | O12: =SUM(L12:N12) -> 0
B13: 2.4 | D13: Odorant plants | E13: ='3.1 Asset useful life'!D13 -> 17/8/2004 to 30/6/2023 | F13: 80 | G13: 0 | H13: 19917.874 | I13: 994392.62 | J13: 0 | K13: 0 | L13: =SUM(H13:K13) -> 1014310.5 | M13: -1014310.5 | N13: 0 | O13: =SUM(L13:N13) -> 0
B14: 2.4 | D14: SCADA (Communications) | E14: ='3.1 Asset useful life'!D14 -> 17/8/2004 to 30/6/2023 | F14: 15 | G14: 0 | H14: 9937.0772 | I14: 1850605.2 | J14: 0 | K14: -178091 | L14: =SUM(H14:K14) -> 1682451.2 | M14: -1678679.4 | N14: -3771.8704 | O14: =SUM(L14:N14) -> -1.9872459e-10
B15: 2.4 | D15: Buildings | E15: ='3.1 Asset useful life'!D15 -> 17/8/2004 to 30/6/2023 | F15: 80 | G15: 0 | H15: 59530.884 | I15: 847715.54 | J15: 0 | K15: -199627.59 | L15: =SUM(H15:K15) -> 707618.83 | M15: -554596.16 | N15: -153022.67 | O15: =SUM(L15:N15) -> 0
B16: 2.4 | D16: Other depreciable pipeline assets | E16: ='3.1 Asset useful life'!D16 -> 17/8/2004 to 30/6/2023 | F16: 5-80 | G16: 0 | H16: 537034.43 | I16: 5298819.9 | J16: 0 | K16: -2381130.6 | L16: =SUM(H16:K16) -> 3454723.8 | M16: -3354584.9 | N16: -100138.91 | O16: =SUM(L16:N16) -> -3.2014214e-10
B17: 2.4 | D17: Land and easements | E17: ='3.1 Asset useful life'!D17 -> 17/8/2004 to 30/6/2023 | F17: N/A | G17: 0 | H17: 499349.66 | I17: 250867.05 | J17: 0 | K17: -22638.78 | L17: =SUM(H17:K17) -> 727577.93 | M17: -534295.28 | N17: -193282.64 | O17: =SUM(L17:N17) -> 0
B18: 2.4.6 | D18: Leased assets | E18: ='3.1 Asset useful life'!D21 -> 1/7/2019 to 30/6/2023 | F18: Various | G18: 0 | H18: 627279.98 | I18: 1569986.9 | J18: 0 | K18: 0 | L18: =SUM(H18:K18) -> 2197266.9 | M18: -966771.21 | N18: -1230495.7 | O18: =SUM(L18:N18) -> 0
L19: =SUM(H19:K19) -> 0 | O19: =SUM(L19:N19) -> 0
L20: =SUM(H20:K20) -> 0 | O20: =SUM(L20:N20) -> 0
L21: =SUM(H21:K21) -> 0 | O21: =SUM(L21:N21) -> 0
L22: =SUM(H22:K22) -> 0 | O22: =SUM(L22:N22) -> 0
L23: =SUM(H23:K23) -> 0 | O23: =SUM(L23:N23) -> 0
L24: =SUM(H24:K24) -> 0 | O24: =SUM(L24:N24) -> 0
L25: =SUM(H25:K25) -> 0 | O25: =SUM(L25:N25) -> 0
L26: =SUM(H26:K26) -> 0 | O26: =SUM(L26:N26) -> 0
L27: =SUM(H27:K27) -> 0 | O27: =SUM(L27:N27) -> 0
L28: =SUM(H28:K28) -> 0 | O28: =SUM(L28:N28) -> 0
L29: =SUM(H29:K29) -> 0 | O29: =SUM(L29:N29) -> 0
L30: =SUM(H30:K30) -> 0 | O30: =SUM(L30:N30) -> 0
... L52: =SUM(H52:K52) -> 0 | O52: =SUM(L52:N52) -> 0
D53: Total pipeline assets | G53: =SUM(G9:G52) -> 0 | H53: =SUM(H9:H52) -> 13271478 | I53: =SUM(I9:I52) -> 65941253 | J53: =SUM(J9:J52) -> 4302266 | K53: =SUM(K9:K52) -> -5917101.9 | L53: =SUM(L9:L52) -> 77597895 | M53: =SUM(M9:M52) -> -59175376 | N53: =SUM(N9:N52) -> -18422519 | O53: =SUM(O9:O52) -> -5.1886673e-10
B56: Table 3.3.2: Shared assets at cost
B58: Basis of Preparation reference | C58: Description | D58: Category | E58: Acquisition date | F58: Useful life | G58: Initial construction or acquisition cost | H58: Additions | I58: Capitalised maintenance or improvements | J58: Disposals or Early termination | K58: Cost base | L58: Prior years' accumulated depreciation | M58: Current year depreciation | N58: Written down value
F59: Years | G59: $ nominal | H59: $ nominal | I59: $ nominal | J59: $ nominal | K59: $ nominal | L59: $ nominal | M59: $ nominal | N59: $ nominal
B60: 2.4.5 | C60: Information Technology | D60: Shared property, plant and equipment | E60: During FY03 | F60: ='3.1 Asset useful life'!$E$27 -> 5 | G60: 0 | H60: 0 | I60: 0 | J60: 0 | K60: =SUM(G60:J60) -> 0 | L60: 0 | M60: =IF(SUM(K60:L60)>0,-K60/F60,0) -> 0 | N60: =SUM(K60:M60) -> 0
B61: 2.4.5 | C61: Information Technology | D61: Shared property, plant and equipment | E61: During FY04 | F61: ='3.1 Asset useful life'!$E$27 -> 5 | G61: 0 | H61: 0 | I61: 0 | J61: 0 | K61: =SUM(G61:J61) -> 0 | L61: 0 | M61: =IF(SUM(K61:L61)>0,-K61/F61,0) -> 0 | N61: =SUM(K61:M61) -> 0
B62: 2.4.5 | C62: Information Technology | D62: Shared property, plant and equipment | E62: During FY05 | F62: ='3.1 Asset useful life'!$E$27 -> 5 | G62: 0 | H62: 0 | I62: 0 | J62: 0 | K62: =SUM(G62:J62) -> 0 | L62: 0 | M62: =IF(SUM(K62:L62)>0,-K62/F62,0) -> 0 | N62: =SUM(K62:M62) -> 0
B63: 2.4.5 | C63: Information Technology | D63: Shared property, plant and equipment | E63: During FY06 | F63: ='3.1 Asset useful life'!$E$27 -> 5 | G63: 11660.332 | H63: 0 | I63: 0 | J63: 0 | K63: =SUM(G63:J63) -> 11660.332 | L63: -11660.332 | N63: =SUM(K63:M63) -> 0
B64: 2.4.5 | C64: Information Technology | D64: Shared property, plant and equipment | E64: During FY07 | F64: ='3.1 Asset useful life'!$E$27 -> 5 | G64: 44180.583 | H64: 0 | I64: 0 | J64: 0 | K64: =SUM(G64:J64) -> 44180.583 | L64: -44180.583 | N64: =SUM(K64:M64) -> 0
B65: 2.4.5 | C65: Information Technology | D65: Shared property, plant and equipment | E65: During FY08 | F65: ='3.1 Asset useful life'!$E$27 -> 5 | G65: 112502.63 | H65: 0 | I65: 0 | J65: -3476.9962 | K65: =SUM(G65:J65) -> 109025.63 | L65: -109025.63 | N65: =SUM(K65:M65) -> 0
B66: 2.4.5 | C66: Information Technology | D66: Shared property, plant and equipment | E66: During FY09 | F66: ='3.1 Asset useful life'!$E$27 -> 5 | G66: 68479.729 | H66: 0 | I66: 0 | J66: -13948.533 | K66: =SUM(G66:J66) -> 54531.196 | L66: -54531.196 | N66: =SUM(K66:M66) -> 0
B67: 2.4.5 | C67: Information Technology | D67: Shared property, plant and equipment | E67: During FY10 | F67: ='3.1 Asset useful life'!$E$27 -> 5 | G67: 67811.155 | H67: 0 | I67: 0 | J67: -7760.3745 | K67: =SUM(G67:J67) -> 60050.781 | L67: -60050.781 | N67: =SUM(K67:M67) -> 0
B68: 2.4.5 | C68: Information Technology | D68: Shared property, plant and equipment | E68: During FY11 | F68: ='3.1 Asset useful life'!$E$27 -> 5 | G68: 239415.87 | H68: 0 | I68: 0 | J68: -2538.9381 | K68: =SUM(G68:J68) -> 236876.93 | L68: -236876.93 | N68: =SUM(K68:M68) -> 0
B69: 2.4.5 | C69: Information Technology | D69: Shared property, plant and equipment | E69: During FY12 | F69: ='3.1 Asset useful life'!$E$27 -> 5 | G69: 74521.321 | H69: 0 | I69: 0 | J69: -17250.646 | K69: =SUM(G69:J69) -> 57270.675 | L69: -57270.675 | N69: =SUM(K69:M69) -> 0
B70: 2.4.5 | C70: Information Technology | D70: Shared property, plant and equipment | E70: During FY13 | F70: ='3.1 Asset useful life'!$E$27 -> 5 | G70: 55050.866 | H70: 0 | I70: 0 | J70: -5606.0628 | K70: =SUM(G70:J70) -> 49444.803 | L70: -49444.803 | N70: =SUM(K70:M70) -> 0
B71: 2.4.5 | C71: Information Technology | D71: Shared property, plant and equipment | E71: During FY14 | F71: ='3.1 Asset useful life'!$E$27 -> 5 | G71: 43884.783 | H71: 0 | I71: 0 | J71: -12475.052 | K71: =SUM(G71:J71) -> 31409.731 | L71: -31409.731 | N71: =SUM(K71:M71) -> 0
B72: 2.4.5 | C72: Information Technology | D72: Shared property, plant and equipment | E72: During FY15 | F72: ='3.1 Asset useful life'!$E$27 -> 5 | G72: 195940.49 | H72: 0 | I72: 0 | J72: -16597.709 | K72: =SUM(G72:J72) -> 179342.78 | L72: -179342.78 | N72: =SUM(K72:M72) -> 0
B73: 2.4.5 | C73: Information Technology | D73: Shared property, plant and equipment | E73: During FY16 | F73: ='3.1 Asset useful life'!$E$27 -> 5 | G73: 276283.81 | H73: 0 | I73: 0 | J73: -17076.966 | K73: =SUM(G73:J73) -> 259206.85 | L73: -259206.85 | N73: =SUM(K73:M73) -> 0
B74: 2.4.5 | C74: Information Technology | D74: Shared property, plant and equipment | E74: During FY17 | F74: ='3.1 Asset useful life'!$E$27 -> 5 | G74: 98283.239 | H74: 0 | I74: 0 | J74: -11160.596 | K74: =SUM(G74:J74) -> 87122.642 | L74: -87122.642 | N74: =SUM(K74:M74) -> 0
... B79: 2.4.5 | C79: Information Technology | D79: Shared property, plant and equipment | E79: During FY22 | F79: ='3.1 Asset useful life'!$E$27 -> 5 | G79: 863388.05 | H79: 0 | I79: 0 | J79: -160400.9 | K79: =SUM(G79:J79) -> 702987.14 | L79: -702987.14 | N79: =SUM(K79:M79) -> 0
B80: 2.4.5 | C80: Information Technology | D80: Shared property, plant and equipment | E80: During FY23 | F80: ='3.1 Asset useful life'!$E$27 -> 5 | G80: 261321.22 | J80: -243.74543 | K80: =SUM(G80:J80) -> 261077.47 | L80: 0 | M80: =-K80 -> -261077.47 | N80: =SUM(K80:M80) -> 0
B81: 2.4.5 | C81: Shared leased assets | D81: Shared leased assets | E81: 1/7/2019 to 30/6/2020 | F81: ='3.1 Asset useful life'!$E$33 -> Various | G81: 98361.467 | H81: 37753.784 | I81: 0 | J81: -108.12121 | K81: =SUM(G81:J81) -> 136007.13 | L81: -136007.13 | M81: 0 | N81: =SUM(K81:M81) -> 0
B82: 2.4.5 | C82: Shared leased assets | D82: Shared leased assets | E82: During FY21 | F82: ='3.1 Asset useful life'!$E$33 -> Various | G82: 0 | H82: 94778.517 | I82: 0 | J82: -13848.524 | K82: =SUM(G82:J82) -> 80929.994 | L82: -80929.994 | M82: 0 | N82: =SUM(K82:M82) -> 0
B83: 2.4.5 | C83: Shared leased assets | D83: Shared leased assets | E83: During FY22 | F83: ='3.1 Asset useful life'!$E$33 -> Various | G83: 0 | H83: 65283.284 | I83: 0 | J83: -7168.5109 | K83: =SUM(G83:J83) -> 58114.773 | L83: -58114.773 | M83: 0 | N83: =SUM(K83:M83) -> 0
B84: 2.4.5 | C84: Shared leased assets | D84: Shared leased assets | E84: During FY23 | F84: ='3.1 Asset useful life'!$E$33 -> Various | H84: 61667.606 | J84: -749.35209 | K84: =SUM(G84:J84) -> 60918.253 | L84: 0 | M84: =-K84 -> -60918.253 | N84: =SUM(K84:M84) -> 0
D85: Total fixed assets | G85: =SUM(G60:G84) -> 3493268.7 | H85: =SUM(H60:H84) -> 259483.19 | I85: =SUM(I60:I84) -> 0 | J85: =SUM(J60:J84) -> -336448.72 | K85: =SUM(K60:K84) -> 3416303.1 | L85: =SUM(L60:L84) -> -3094307.4 | M85: =SUM(M60:M84) -> -321995.73 | N85: =SUM(N60:N84) -> 0

Sheet 3.1 Asset useful life
B1: Asset useful life
B2: =Tradingname -> APT PARMELIA PTY LTD
B3: Reporting Period | C3: =TEXT(Yearstart,"dd/mm/yyyy")&" to "&TEXT(Yearending,"dd/mm/yyyy") -> 01/07/2022 to 30/06/2023
B5: Table 3.1.1: Asset useful life
B7: Basis of Preparation reference | C7: Description (list each individual balance sheet item) | D7: Acquisition date | E7: Useful life | F7: Reason for choosing this useful life
E8: years
B9: 2.4 | C9: ='3. Statement of pipeline assets'!C9 -> Pipelines | D9: =CONCATENATE("17/8/2004"," to ",TEXT(Yearending,"d/m/yyyy")) -> 17/8/2004 to 30/6/2023 | E9: 80 | F9: Per Appendix A - Pipeline asset lives
B10: 2.4 | C10: ='3. Statement of pipeline assets'!C17 -> Compressors | D10: =CONCATENATE("17/8/2004"," to ",TEXT(Yearending,"d/m/yyyy")) -> 17/8/2004 to 30/6/2023 | E10: 35 | F10: Per Appendix A - Pipeline asset lives
B11: 2.4 | C11: ='3. Statement of pipeline assets'!C24 -> City Gates, supply regulators and valve stations | D11: =CONCATENATE("17/8/2004"," to ",TEXT(Yearending,"d/m/yyyy")) -> 17/8/2004 to 30/6/2023 | E11: 50 | F11: Per Appendix A - Pipeline asset lives
B12: 2.4 | C12: ='3. Statement of pipeline assets'!C31 -> Metering | D12: =CONCATENATE("17/8/2004"," to ",TEXT(Yearending,"d/m/yyyy")) -> 17/8/2004 to 30/6/2023 | E12: 50 | F12: Per Appendix A - Pipeline asset lives
B13: 2.4 | C13: ='3. Statement of pipeline assets'!C38 -> Odorant plants | D13: =CONCATENATE("17/8/2004"," to ",TEXT(Yearending,"d/m/yyyy")) -> 17/8/2004 to 30/6/2023 | E13: 80 | F13: Per Appendix A - Pipeline asset lives
B14: 2.4 | C14: ='3. Statement of pipeline assets'!C45 -> SCADA (Communications) | D14: =CONCATENATE("17/8/2004"," to ",TEXT(Yearending,"d/m/yyyy")) -> 17/8/2004 to 30/6/2023 | E14: 15 | F14: Per Appendix A - Pipeline asset lives
B15: 2.4 | C15: ='3. Statement of pipeline assets'!C52 -> Buildings | D15: =CONCATENATE("17/8/2004"," to ",TEXT(Yearending,"d/m/yyyy")) -> 17/8/2004 to 30/6/2023 | E15: 80 | F15: Per Appendix A - Pipeline asset lives
B16: 2.4 | C16: ='3. Statement of pipeline assets'!C66 -> Other depreciable pipeline assets | D16: =CONCATENATE("17/8/2004"," to ",TEXT(Yearending,"d/m/yyyy")) -> 17/8/2004 to 30/6/2023 | E16: 5-80 | F16: Per Appendix A - Pipeline asset lives
B17: 2.4 | C17: Land and easements | D17: =CONCATENATE("17/8/2004"," to ",TEXT(Yearending,"d/m/yyyy")) -> 17/8/2004 to 30/6/2023 | E17: N/A | F17: Indefinite
C18: insert asset description
C19: insert asset description
C20: insert asset description
B21: 2.4.6 | C21: ='3. Statement of pipeline assets'!C73 -> Leased Assets | D21: =CONCATENATE("1/7/2019"," to ",TEXT(Yearending,"d/m/yyyy")) -> 1/7/2019 to 30/6/2023 | E21: Various | F21: Per leased asset life
C22: insert asset description
C23: insert asset description
C24: insert asset description
C25: insert asset description
C26: insert asset description
B27: 2.4 | C27: ='3. Statement of pipeline assets'!C83 -> Shared property, plant and equipment | D27: =CONCATENATE("1/6/2000"," to ",TEXT(Yearending,"d/m/yyyy")) -> 1/6/2000 to 30/6/2023 | E27: 5 | F27: Per Appendix A - Pipeline asset lives
C28: insert asset description
C29: insert asset description
C30: insert asset description
C31: insert asset description
C32: insert asset description
B33: 2.4.5 | C33: ='3. Statement of pipeline assets'!C90 -> Shared leased assets | D33: =CONCATENATE("1/7/2019"," to ",TEXT(Yearending,"d/m/yyyy")) -> 1/7/2019 to 30/6/2023 | E33: Various | F33: Per leased asset life
C34: insert asset description
C35: insert asset description
C36: insert asset description
C37: insert asset description
C38: insert asset description

Sheet 3.2 Asset impairment
B1: Asset impairment
B2: =Tradingname -> APT PARMELIA PTY LTD
B3: Reporting Period | C3: =TEXT(Yearstart,"dd/mm/yyyy")&" to "&TEXT(Yearending,"dd/mm/yyyy") -> 01/07/2022 to 30/06/2023
B5: Table 3.2.1: Assets impaired
B7: Asset description | C7: Impairment amount $ nominal | D7: Impairment date | E7: Basis for impairment
B8: Parmelia Pipeline | C8: 11440576 | D8: 43646 | E8: Part 23 Book value exceeds the part 23 Recoverable value. | F8: Note: For the purposes of Part 23 reporting the Part 23 Book value exceeds the Part 23 recoverable value on a stand-alone basis however there is no statutory impairment for Parmelia on a cash generating unit basis. For further information, please refer to the section 3.2 of the tab called "6. Notes".
B9: Parmelia Pipeline | C9: 8154880.7 | D9: 44012 | E9: Part 23 Book value exceeds the part 23 Recoverable value.
B10: Parmelia Pipeline | C10: 47554920 | D10: 44377 | E10: Part 23 Book value exceeds the part 23 Recoverable value.
B11: Parmelia Pipeline | C11: 5664930.2 | D11: 44742 | E11: Part 23 Book value exceeds the part 23 Recoverable value.
B12: Parmelia Pipeline | C12: 11101489 | D12: 45107 | E12: Part 23 Book value exceeds the part 23 Recoverable value.
B25: Table 3.2.2: Asset impairment reversals
B27: Asset description | C27: Prior Impairment amount $ nominal | D27: Impairment date | E27: Basis for impairment | F27: Reversal amount $nominal | G27: Reversal date | H27: Basis for Reversal

Sheet 3.4 Shared supporting assets
B1: Shared supporting assets
B2: =Tradingname -> APT PARMELIA PTY LTD | E2: Please ensure allocation methodologies are explained in sufficient detail in the Basis of Preparation as required under section 3.2.4 of the Guideline
B3: Reporting Period | C3: =TEXT(Yearstart,"dd/mm/yyyy")&" to "&TEXT(Yearending,"dd/mm/yyyy") -> 01/07/2022 to 30/06/2023
B5: Table 3.4.1: Shared supporting asset allocation
B7: Basis of Preparation reference | C7: Description (list each individual shared asset category greater than 5%) | D7: Category of shared assets | E7: Total amount | F7: % allocated to pipeline | G7: Total allocated to pipeline
E8: $ nominal | G8: $ nominal
B9: 2.4.5 | C9: Information Technology | D9: Shared property, plant and equipment | E9: 3.8769224e+08 | F9: 0.0079453048 | G9: =E9*F9 -> 3080333
B10: 2.4.5 | C10: Shared leased assets | D10: Shared leased assets | E10: 56215147 | F10: 0.0059765057 | G10: =E10*F10 -> 335970.15
G11: =E11*F11 -> 0
G12: =E12*F12 -> 0
G13: =E13*F13 -> 0
G14: =E14*F14 -> 0
G15: =E15*F15 -> 0
G16: =E16*F16 -> 0
G17: =E17*F17 -> 0
G18: =E18*F18 -> 0
G19: =E19*F19 -> 0
G20: =E20*F20 -> 0
G21: =E21*F21 -> 0
G22: =E22*F22 -> 0
... G35: =E35*F35 -> 0
C36: Total | E36: =SUM(E9:E35) -> 4.4390739e+08 | G36: =SUM(G9:G35) -> 3416303.1

Sheet Auditor's Report Statements

Sheet 4. Recovered capital
B1: Recovered capital method (rule 569(4))
B2: =Tradingname -> APT PARMELIA PTY LTD
B3: Reporting Period | C3: =TEXT(Yearstart,"dd/mm/yyyy")&" to "&TEXT(Yearending,"dd/mm/yyyy") -> 01/07/2022 to 30/06/2023
B5: Table 4.1: Recovered capital method - pipeline assets
B7: Basis of Preparation reference | C7: Asset description | E7: Total | F7: Year | BI7: Drag and drop columns if required
F8: =RIGHT(TEXT(C38,"dd/mm/yyyy"),4) -> 1971 | G8: =F8+1 -> 1972 | H8: =G8+1 -> 1973 | I8: =H8+1 -> 1974 | J8: =I8+1 -> 1975 | K8: =J8+1 -> 1976 | L8: =K8+1 -> 1977 | M8: =L8+1 -> 1978 | N8: =M8+1 -> 1979 | ... BH8: =BG8+1 -> 2025
B9: 3 | C9: Pipeline assets
D10: Construction cost | E10: =SUM(F10:BH10) -> 62500000 | F10: 0 | G10: 0 | H10: 0 | I10: 0 | J10: 0 | K10: 0 | L10: 0 | M10: 0 | N10: 0 | O10: 0 | P10: 0 | Q10: 0 | R10: 0 | S10: 0 | T10: 0 | U10: 0 | V10: 0 | W10: 0 | X10: 0 | Y10: 0 | Z10: 0 | AA10: 0 | AB10: 0 | AC10: 0 | AD10: 0 | AE10: 0 | AF10: 0 | AG10: 0 | AH10: 0 | AI10: 62500000 | AJ10: 0 | AK10: 0 | AL10: 0 | AM10: 0 | AN10: 0 | AO10: 0 | AP10: 0 | AQ10: 0 | AR10: 0 | AS10: 0 | AT10: 0 | AU10: 0 | AV10: 0 | AW10: 0 | AX10: 0 | AY10: 0 | AZ10: 0 | BA10: 0 | BB10: 0 | BC10: 0 | BD10: 0 | BE10: 0 | BF10: 0
D11: Negative residual value | E11: =SUM(F11:BH11) -> 4769162 | F11: 0 | G11: 0 | H11: 0 | I11: 0 | J11: 0 | K11: 0 | L11: 0 | M11: 0 | N11: 0 | O11: 0 | P11: 0 | Q11: 0 | R11: 0 | S11: 0 | T11: 0 | U11: 0 | V11: 0 | W11: 0 | X11: 0 | Y11: 0 | Z11: 0 | AA11: 0 | AB11: 0 | AC11: 0 | AD11: 0 | AE11: 0 | AF11: 0 | AG11: 0 | AH11: 0 | AI11: 2426064.4 | AJ11: 148605.08 | AK11: 72574.576 | AL11: 69118.644 | AM11: 69118.644 | AN11: 69118.644 | AO11: 71365 | AP11: 73149.125 | AQ11: 74977.853 | AR11: 76852.299 | AS11: 78773.607 | AT11: 80742.947 | AU11: 82761.521 | AV11: 84830.559 | AW11: 86951.323 | AX11: 89125.106 | AY11: 91353.233 | AZ11: 93637.064 | BA11: 95977.991 | BB11: 98377.441 | BC11: 100836.88 | BD11: 103357.8 | BE11: 260395.53 | BF11: 271096.72
D12: Additions | E12: =SUM(F12:BH12) -> 87467649 | F12: 0 | G12: 0 | H12: 0 | I12: 0 | J12: 0 | K12: 0 | L12: 0 | M12: 0 | N12: 0 | O12: 0 | P12: 0 | Q12: 0 | R12: 0 | S12: 0 | T12: 0 | U12: 0 | V12: 0 | W12: 0 | X12: 0 | Y12: 0 | Z12: 0 | AA12: 0 | AB12: 0 | AC12: 0 | AD12: 0 | AE12: 0 | AF12: 0 | AG12: 0 | AH12: 0 | AI12: 295232.51 | AJ12: 4374445.7 | AK12: 137272.05 | AL12: 699725.38 | AM12: 578635.71 | AN12: 2148835.1 | AO12: 266347.9 | AP12: 4875903.2 | AQ12: 7603786.4 | AR12: 1590503.6 | AS12: 2353010.9 | AT12: 971404.68 | AU12: 2689590.8 | AV12: 3296276.6 | AW12: 3076449.4 | AX12: 389521.35 | AY12: 3130359.7 | AZ12: 4326860.2 | BA12: 2817492.2 | BB12: 6389339 | BC12: 3514279 | BD12: 3474037.5 | BE12: 18847387 | BF12: 9620953.3
D13: Maintenance capitalised | E13: =SUM(F13:BH13) -> 5456431.3 | F13: 0 | G13: 0 | H13: 0 | I13: 0 | J13: 0 | K13: 0 | L13: 0 | M13: 0 | N13: 0 | O13: 0 | P13: 0 | Q13: 0 | R13: 0 | S13: 0 | T13: 0 | U13: 0 | V13: 0 | W13: 0 | X13: 0 | Y13: 0 | Z13: 0 | AA13: 0 | AB13: 0 | AC13: 0 | AD13: 0 | AE13: 0 | AF13: 0 | AG13: 0 | AH13: 0 | AI13: 365336.96 | AJ13: 0 | AK13: 0 | AL13: 0 | AM13: 0 | AN13: 0 | AO13: 0 | AP13: 0 | AQ13: 0 | AR13: 0 | AS13: 0 | AT13: 0 | AU13: 677164.42 | AV13: 0 | AW13: 0 | AX13: 0 | AY13: 0 | AZ13: 1772600.4 | BA13: 132066.62 | BB13: 97013.843 | BC13: 759786.17 | BD13: 0 | BE13: 433325.74 | BF13: 1219137.1
D14: Disposal (at cost) | E14: =SUM(F14:BH14) -> -4362203.4 | F14: 0 | G14: 0 | H14: 0 | I14: 0 | J14: 0 | K14: 0 | L14: 0 | M14: 0 | N14: 0 | O14: 0 | P14: 0 | Q14: 0 | R14: 0 | S14: 0 | T14: 0 | U14: 0 | V14: 0 | W14: 0 | X14: 0 | Y14: 0 | Z14: 0 | AA14: 0 | AB14: 0 | AC14: 0 | AD14: 0 | AE14: 0 | AF14: 0 | AG14: 0 | AH14: 0 | AI14: 0 | AJ14: 0 | AK14: 0 | AL14: 0 | AM14: 0 | AN14: 0 | AO14: 0 | AP14: 0 | AQ14: 0 | AR14: 0 | AS14: -2123.9538 | AT14: -1448793.6 | AU14: -121241.44 | AV14: -561083.15 | AW14: -93270.051 | AX14: -812704.19 | AY14: -1017184.9 | AZ14: -46262.211 | BA14: -26513.843 | BB14: -54051.805 | BC14: 0 | BD14: -136069.02 | BE14: -42905.256 | BF14: 0
D15: Leased Asset | E15: =SUM(F15:BH15) -> 2278234.1 | F15: 0 | G15: 0 | H15: 0 | I15: 0 | J15: 0 | K15: 0 | L15: 0 | M15: 0 | N15: 0 | O15: 0 | P15: 0 | Q15: 0 | R15: 0 | S15: 0 | T15: 0 | U15: 0 | V15: 0 | W15: 0 | X15: 0 | Y15: 0 | Z15: 0 | AA15: 0 | AB15: 0 | AC15: 0 | AD15: 0 | AE15: 0 | AF15: 0 | AG15: 0 | AH15: 0 | AI15: 0 | AJ15: 0 | AK15: 0 | AL15: 0 | AM15: 0 | AN15: 0 | AO15: 0 | AP15: 0 | AQ15: 0 | AR15: 0 | AS15: 0 | AT15: 0 | AU15: 0 | AV15: 0 | AW15: 0 | AX15: 0 | AY15: 0 | AZ15: 0 | BA15: 0 | BB15: 0 | BC15: 648876.41 | BD15: -67863.393 | BE15: 420378.78 | BF15: 1276842.3
D16: Cost base | E16: =SUM(F16:BH16) -> 1.5810927e+08 | F16: =SUM(F9:F15) -> 0 | G16: =SUM(G9:G15) -> 0 | H16: =SUM(H9:H15) -> 0 | I16: =SUM(I9:I15) -> 0 | J16: =SUM(J9:J15) -> 0 | K16: =SUM(K9:K15) -> 0 | L16: =SUM(L9:L15) -> 0 | M16: =SUM(M9:M15) -> 0 | ... BH16: =SUM(BH9:BH15) -> 0
B17: 3.2.3 | C17: Shared assets
D18: Construction cost or acquisition cost (where allowed) apportioned | E18: =SUM(F18:BH18) -> 0 | F18: 0 | G18: 0 | H18: 0 | I18: 0 | J18: 0 | K18: 0 | L18: 0 | M18: 0 | N18: 0 | O18: 0 | P18: 0 | Q18: 0 | R18: 0 | S18: 0 | T18: 0 | U18: 0 | V18: 0 | W18: 0 | X18: 0 | Y18: 0 | Z18: 0 | AA18: 0 | AB18: 0 | AC18: 0 | AD18: 0 | AE18: 0 | AF18: 0 | AG18: 0 | AH18: 0 | AI18: 0 | AJ18: 0 | AK18: 0 | AL18: 0 | AM18: 0 | AN18: 0 | AO18: 0 | AP18: 0 | AQ18: 0 | AR18: 0 | AS18: 0 | AT18: 0 | AU18: 0 | AV18: 0 | AW18: 0 | AX18: 0 | AY18: 0 | AZ18: 0 | BA18: 0 | BB18: 0 | BC18: 0 | BD18: 0 | BE18: 0 | BF18: 0
D19: Additions | E19: =SUM(F19:BH19) -> 3393917.1 | F19: 0 | G19: 0 | H19: 0 | I19: 0 | J19: 0 | K19: 0 | L19: 0 | M19: 0 | N19: 0 | O19: 0 | P19: 0 | Q19: 0 | R19: 0 | S19: 0 | T19: 0 | U19: 0 | V19: 0 | W19: 0 | X19: 0 | Y19: 0 | Z19: 0 | AA19: 0 | AB19: 0 | AC19: 0 | AD19: 0 | AE19: 0 | AF19: 0 | AG19: 0 | AH19: 0 | AI19: 0 | AJ19: 0 | AK19: 0 | AL19: 0 | AM19: 0 | AN19: 0 | AO19: 12226.85 | AP19: 46339.906 | AQ19: 113920.84 | AR19: 57213.357 | AS19: 63017.59 | AT19: 247807.25 | AU19: 59851.564 | AV19: 51750.852 | AW19: 32773.12 | AX19: 187083.56 | AY19: 270271.22 | AZ19: 90772.052 | BA19: 202345.77 | BB19: 307351.46 | BC19: 173662.96 | BD19: 310129.67 | BE19: 895861.8 | BF19: 271537.28
D20: Maintenance capitalised | E20: =SUM(F20:BH20) -> 0 | F20: 0 | G20: 0 | H20: 0 | I20: 0 | J20: 0 | K20: 0 | L20: 0 | M20: 0 | N20: 0 | O20: 0 | P20: 0 | Q20: 0 | R20: 0 | S20: 0 | T20: 0 | U20: 0 | V20: 0 | W20: 0 | X20: 0 | Y20: 0 | Z20: 0 | AA20: 0 | AB20: 0 | AC20: 0 | AD20: 0 | AE20: 0 | AF20: 0 | AG20: 0 | AH20: 0 | AI20: 0 | AJ20: 0 | AK20: 0 | AL20: 0 | AM20: 0 | AN20: 0 | AO20: 0 | AP20: 0 | AQ20: 0 | AR20: 0 | AS20: 0 | AT20: 0 | AU20: 0 | AV20: 0 | AW20: 0 | AX20: 0 | AY20: 0 | AZ20: 0 | BA20: 0 | BB20: 0 | BC20: 0 | BD20: 0 | BE20: 0 | BF20: 0
D21: Disposal (at cost) | E21: =SUM(F21:BH21) -> -212520.01 | F21: 0 | G21: 0 | H21: 0 | I21: 0 | J21: 0 | K21: 0 | L21: 0 | M21: 0 | N21: 0 | O21: 0 | P21: 0 | Q21: 0 | R21: 0 | S21: 0 | T21: 0 | U21: 0 | V21: 0 | W21: 0 | X21: 0 | Y21: 0 | Z21: 0 | AA21: 0 | AB21: 0 | AC21: 0 | AD21: 0 | AE21: 0 | AF21: 0 | AG21: 0 | AH21: 0 | AI21: 0 | AJ21: 0 | AK21: 0 | AL21: 0 | AM21: 0 | AN21: 0 | AO21: 0 | AP21: 0 | AQ21: 0 | AR21: 0 | AS21: 0 | AT21: 0 | AU21: 0 | AV21: 0 | AW21: 0 | AX21: 0 | AY21: 0 | AZ21: 0 | BA21: 0 | BB21: 0 | BC21: -3881.3295 | BD21: -33734.727 | BE21: -173872.04 | BF21: -1031.9216
D22: Leased Asset | E22: =SUM(F22:BH22) -> 370593.55 | F22: 0 | G22: 0 | H22: 0 | I22: 0 | J22: 0 | K22: 0 | L22: 0 | M22: 0 | N22: 0 | O22: 0 | P22: 0 | Q22: 0 | R22: 0 | S22: 0 | T22: 0 | U22: 0 | V22: 0 | W22: 0 | X22: 0 | Y22: 0 | Z22: 0 | AA22: 0 | AB22: 0 | AC22: 0 | AD22: 0 | AE22: 0 | AF22: 0 | AG22: 0 | AH22: 0 | AI22: 0 | AJ22: 0 | AK22: 0 | AL22: 0 | AM22: 0 | AN22: 0 | AO22: 0 | AP22: 0 | AQ22: 0 | AR22: 0 | AS22: 0 | AT22: 0 | AU22: 0 | AV22: 0 | AW22: 0 | AX22: 0 | AY22: 0 | AZ22: 0 | BA22: 0 | BB22: 0 | BC22: 140801.52 | BD22: 97974.875 | BE22: 67738.719 | BF22: 64078.432
D23: Cost base | E23: =SUM(F23:BH23) -> 3551990.6 | F23: =SUM(F18:F22) -> 0 | G23: =SUM(G18:G22) -> 0 | H23: =SUM(H18:H22) -> 0 | I23: =SUM(I18:I22) -> 0 | J23: =SUM(J18:J22) -> 0 | K23: =SUM(K18:K22) -> 0 | L23: =SUM(L18:L22) -> 0 | M23: =SUM(M18:M22) -> 0 | ... BH23: =SUM(BH18:BH22) -> 0
D24: Total assets | E24: =E16+E23 -> 1.6166126e+08 | F24: =F16+F23 -> 0 | G24: =G16+G23 -> 0 | H24: =H16+H23 -> 0 | I24: =I16+I23 -> 0 | J24: =J16+J23 -> 0 | K24: =K16+K23 -> 0 | L24: =L16+L23 -> 0 | ... BH24: =BH16+BH23 -> 0
C25: Return of capital
B26: 3.2.2 | D26: Revenue | E26: =SUM(F26:BH26) -> 2.4400946e+08 | F26: 0 | G26: 0 | H26: 0 | I26: 0 | J26: 0 | K26: 0 | L26: 0 | M26: 0 | N26: 0 | O26: 0 | P26: 0 | Q26: 0 | R26: 0 | S26: 0 | T26: 0 | U26: 0 | V26: 0 | W26: 0 | X26: 0 | Y26: 0 | Z26: 0 | AA26: 0 | AB26: 0 | AC26: 0 | AD26: 0 | AE26: 0 | AF26: 0 | AG26: 0 | AH26: 0 | AI26: 7643408.6 | AJ26: 7860547.4 | AK26: 8098569.9 | AL26: 8290149 | AM26: 9793327.8 | AN26: 6962002.2 | AO26: 12288717 | AP26: 11221202 | AQ26: 13126390 | AR26: 13320332 | AS26: 12141620 | AT26: 14152400 | AU26: 6817160.9 | AV26: 9902768.2 | AW26: 8700029.5 | AX26: 7915563.4 | AY26: 8942622.5 | AZ26: 7127347.9 | BA26: 9567495.7 | BB26: 10660135 | BC26: 8048214.7 | BD26: 19047488 | BE26: 11778128 | BF26: 10603837
B27: 3.2.2 | D27: Operating expenses | E27: =SUM(F27:BH27) -> -2.0397549e+08 | F27: 0 | G27: 0 | H27: 0 | I27: 0 | J27: 0 | K27: 0 | L27: 0 | M27: 0 | N27: 0 | O27: 0 | P27: 0 | Q27: 0 | R27: 0 | S27: 0 | T27: 0 | U27: 0 | V27: 0 | W27: 0 | X27: 0 | Y27: 0 | Z27: 0 | AA27: 0 | AB27: 0 | AC27: 0 | AD27: 0 | AE27: 0 | AF27: 0 | AG27: 0 | AH27: 0 | AI27: -10991822 | AJ27: -11304084 | AK27: -11646379 | AL27: -11921885 | AM27: -14212026 | AN27: -10402647 | AO27: -10843232 | AP27: -7853993.4 | AQ27: -7834400.2 | AR27: -7843411.6 | AS27: -9375873.2 | AT27: -7449312.7 | AU27: -6877832.3 | AV27: -6652865 | AW27: -6366842.8 | AX27: -6747237.1 | AY27: -6603885.3 | AZ27: -6603472.8 | BA27: -6442939.4 | BB27: -7178668.2 | BC27: -6173871 | BD27: -6960596.8 | BE27: -7896845.6 | BF27: -7791364.1
B28: 3.2.5 | D28: Net tax liabilities | E28: =SUM(F28:BH28) -> 0 | F28: 0 | G28: 0 | H28: 0 | I28: 0 | J28: 0 | K28: 0 | L28: 0 | M28: 0 | N28: 0 | O28: 0 | P28: 0 | Q28: 0 | R28: 0 | S28: 0 | T28: 0 | U28: 0 | V28: 0 | W28: 0 | X28: 0 | Y28: 0 | Z28: 0 | AA28: 0 | AB28: 0 | AC28: 0 | AD28: 0 | AE28: 0 | AF28: 0 | AG28: 0 | AH28: 0 | AI28: 0 | AJ28: 0 | AK28: 0 | AL28: 0 | AM28: 0 | AN28: 0 | AO28: 0 | AP28: 0 | AQ28: 0 | AR28: 0 | AS28: 0 | AT28: 0 | AU28: 0 | AV28: 0 | AW28: 0 | AX28: 0 | AY28: 0 | AZ28: 0 | BA28: 0 | BB28: 0 | BC28: 0 | BD28: 0 | BE28: 0 | BF28: 0
D29: Leased Asset Interest/Financing Charge | E29: =SUM(F29:BH29) -> -80447.867 | F29: 0 | G29: 0 | H29: 0 | I29: 0 | J29: 0 | K29: 0 | L29: 0 | M29: 0 | N29: 0 | O29: 0 | P29: 0 | Q29: 0 | R29: 0 | S29: 0 | T29: 0 | U29: 0 | V29: 0 | W29: 0 | X29: 0 | Y29: 0 | Z29: 0 | AA29: 0 | AB29: 0 | AC29: 0 | AD29: 0 | AE29: 0 | AF29: 0 | AG29: 0 | AH29: 0 | AI29: 0 | AJ29: 0 | AK29: 0 | AL29: 0 | AM29: 0 | AN29: 0 | AO29: 0 | AP29: 0 | AQ29: 0 | AR29: 0 | AS29: 0 | AT29: 0 | AU29: 0 | AV29: 0 | AW29: 0 | AX29: 0 | AY29: 0 | AZ29: 0 | BA29: 0 | BB29: 0 | BC29: -24298.109 | BD29: -20223.399 | BE29: -8717.7796 | BF29: -27208.579
B30: 3.2.4 | D30: Return on capital | E30: =SUM(F30:BH30) -> -6.8404874e+08 | F30: 0 | G30: 0 | H30: 0 | I30: 0 | J30: 0 | K30: 0 | L30: 0 | M30: 0 | N30: 0 | O30: 0 | P30: 0 | Q30: 0 | R30: 0 | S30: 0 | T30: 0 | U30: 0 | V30: 0 | W30: 0 | X30: 0 | Y30: 0 | Z30: 0 | AA30: 0 | AB30: 0 | AC30: 0 | AD30: 0 | AE30: 0 | AF30: 0 | AG30: 0 | AH30: 0 | AI30: -6636936.4 | AJ30: -8119236.8 | AK30: -9497090.9 | AL30: -11166136 | AM30: -12750789 | AN30: -7343162.8 | AO30: -16776816 | AP30: -19125676 | AQ30: -18506598 | AR30: -23408520 | AS30: -25525601 | AT30: -24936645 | AU30: -25858294 | AV30: -30975934 | AW30: -30263124 | AX30: -33267094 | AY30: -35816528 | AZ30: -38537796 | BA30: -43064275 | BB30: -40327029 | BC30: -41096265 | BD30: -46996880 | BE30: -62782212 | BF30: -71270102
D31: Total Return of Capital | E31: =SUM(F31:BH31) -> -6.4409522e+08 | F31: =SUM(F26:F30) -> 0 | G31: =SUM(G26:G30) -> 0 | H31: =SUM(H26:H30) -> 0 | I31: =SUM(I26:I30) -> 0 | J31: =SUM(J26:J30) -> 0 | K31: =SUM(K26:K30) -> 0 | L31: =SUM(L26:L30) -> 0 | M31: =SUM(M26:M30) -> 0 | ... BH31: =SUM(BH26:BH30) -> 0
D32: Recovered capital method total asset value | E32: =SUM(F32:BH32) -> 8.0575649e+08 | F32: =F16+F23-F31 -> 0 | G32: =G16+G23-G31 -> 0 | H32: =H16+H23-H31 -> 0 | I32: =I16+I23-I31 -> 0 | J32: =J16+J23-J31 -> 0 | K32: =K16+K23-K31 -> 0 | L32: =L16+L23-L31 -> 0 | M32: =M16+M23-M31 -> 0 | ... BH32: =BH16+BH23-BH31 -> 0
C33: For information | D33: Opening asset value | G33: =F24+F33-F31 -> 0 | H33: =G24+G33-G31 -> 0 | I33: =H24+H33-H31 -> 0 | J33: =I24+I33-I31 -> 0 | K33: =J24+J33-J31 -> 0 | L33: =K24+K33-K31 -> 0 | M33: =L24+L33-L31 -> 0 | N33: =M24+M33-M31 -> 0 | ... BH33: =BG24+BG33-BG31 -> 8.0575649e+08
C34: For information | D34: Rate of return (WACC) | F34: N/A | G34: N/A | H34: N/A | I34: N/A | J34: N/A | K34: N/A | L34: N/A | M34: N/A | N34: N/A | O34: N/A | P34: N/A | Q34: N/A | R34: N/A | S34: N/A | T34: N/A | U34: N/A | V34: N/A | W34: N/A | X34: N/A | Y34: N/A | Z34: N/A | AA34: N/A | AB34: N/A | AC34: N/A | AD34: N/A | AE34: N/A | AF34: N/A | AG34: N/A | AH34: N/A | AI34: N/A | AJ34: 0.10743713 | AK34: 0.10361464 | AL34: 0.1064328 | AM34: 0.10583388 | AN34: 0.10619448 | AO34: 0.1108857 | AP34: 0.11453903 | AQ34: 0.098579142 | AR34: 0.11214162 | AS34: 0.11175986 | AT34: 0.09831147 | AU34: 0.095160277 | AV34: 0.10289599 | AW34: 0.091253208 | AX34: 0.091727806 | AY34: 0.090761229 | AZ34: 0.08950284 | BA34: 0.090694517 | BB34: 0.077853082 | BC34: 0.073167671 | BD34: 0.077520238 | BE34: 0.097347165 | BF34: N/A
B36: Table 4.2: Pipeline details
B38: Construction date | C38: 25934
B39: Negative residual value | C39: =E11 -> 4769162

Sheet 4.1 Pipelines capex
B1: Capital expenditure
B2: =Tradingname -> APT PARMELIA PTY LTD
B3: Reporting Period | C3: =TEXT(Yearstart,"dd/mm/yyyy")&" to "&TEXT(Yearending,"dd/mm/yyyy") -> 01/07/2022 to 30/06/2023
B5: Table 4.1.1: Capital expenditure greater than 5% of construction cost
B7: Basis of Preparation reference | C7: Description of works | D7: Date recognised | E7: Expenditure ($ nominal)
B8: 3.2.1 | C8: Meter Station at Kwinana and Stay in Business Capital Expenditure | D8: FY01 | E8: 4156710.4
B9: 3.2.1 | C9: Alcoa Gas Lateral Relocation at Pinjarra Refinery and other Capital Expenditure | D9: FY07 | E9: 4648698.4
B10: 3.2.1 | C10: Buyout Contract - Pipeline Maintenance Agreement with Agility and Stay in Business Capital Expenditure | D10: FY08 | E10: 7277049.5
B11: 3.2.1 | C11: Capital Expenditure relating to Information Technology and Stay In Business Capital Expenditure | D11: FY12 | E11: 3221575.7
B12: 3.2.1 | C12: Stay in Business Capital Expenditure | D12: FY13 | E12: 3149392.6
B13: 3.2.1 | C13: Relocate 1.64 km approx. of Parmelia Gas Pipeline at Forrestfield, Perth and Stay In Business Capital Expenditure | D13: FY17 | E13: 5854237.2
B14: 3.2.1 | C14: Relocation works on the Parmelia pipeline and Stay in Business Capital Expenditure | D14: FY19 | E14: 6255105
B15: 3.2.1 | C15: Stay in Business Capital Expenditure | D15: FY20 | E15: 4131812.3
B16: 3.2.1 | C16: Stay in Business Capital Expenditure | D16: FY21 | E16: 3360699.6
B17: 3.2.1 | C17: Thornie Link extension and Stay In Business Capital Expenditure | D17: FY22 | E17: 18581813
B18: 3.2.1 | C18: Walyering Gas Connection, Morley-Ellenbrook Rail Line works, Thornie Link extension, and other SIB capital expenditure | D18: FY23 | E18: 10446618

Sheet Auditor's Review Report RCM

Sheet 5. Weighted average price
B1: Weighted average prices
B2: =Tradingname -> APT PARMELIA PTY LTD
B3: Reporting Period | C3: =TEXT(Yearstart,"dd/mm/yyyy")&" to "&TEXT(Yearending,"dd/mm/yyyy") -> 01/07/2022 to 30/06/2023
B5: Table 5.1: Weighted average prices
B7: Basis of preparation reference | C7: Service description | E7: Has there been any use of estimates to allocate revenue to each transportation service? | F7: Other Services | L7: Postage Stamp Transportation Services | S7: Zonal Based Transportation Services | AL7: Distance Based Transportation Services (to major delivery points)
T8: Zone 1 | Z8: Zone 2 | AF8: Zone 3 | AM8: Major Delivery Point 1 | AS8: Major Delivery Point 2 | AY8: Major Delivery Point 3 | BE8: Other Delivery Points
D9: Total revenue | F9: Capacity based charges | I9: Volumetric based charges | L9: Total Postage Stamp Revenue | M9: Capacity based | P9: Volumetric based | S9: Total Zonal Revenue | T9: Capacity based | W9: Volumetric based | Z9: Capacity based | AC9: Volumetric based | AF9: Capacity based | AI9: Volumetric based | AL9: Total Distance Based Revenue | AM9: Capacity based | AP9: Volumetric based | AS9: Capacity based | AV9: Volumetric based | AY9: Capacity based | BB9: Volumetric based | BE9: Capacity based | BH9: Volumetric based
D10: $'000 | F10: Revenue $'000 | G10: MDQ Total TJ* | H10: WAP $/GJ | I10: Revenue $'000 | J10: Total TJ | K10: WAP $/GJ | L10: $ '000 | M10: Revenue $'000 | N10: MDQ Total TJ* | O10: WAP $/GJ | P10: Revenue $'000 | Q10: Total TJ | R10: WAP $/GJ | S10: $'000 | T10: Revenue $'000 | U10: MDQ Total TJ* | V10: WAP $/GJ | W10: Revenue $'000 | X10: Total TJ | Y10: WAP $/GJ | Z10: Revenue $'000 | AA10: MDQ Total TJ* | AB10: WAP $/GJ | AC10: Revenue $'000 | AD10: Total TJ | AE10: WAP $/GJ | AF10: Revenue $'000 | AG10: MDQ Total TJ* | AH10: WAP $/GJ | AI10: Revenue $'000 | AJ10: Total TJ | AK10: WAP $/GJ | AL10: $'000 | AM10: Revenue $'000 | AN10: MDQ Total TJ* | AO10: WAP $/GJ | AP10: Revenue $'000 | AQ10: Total TJ | AR10: WAP $/GJ | AS10: Revenue $'000 | AT10: MDQ Total TJ* | AU10: WAP $/GJ | AV10: Revenue $'000 | AW10: Total TJ | AX10: WAP $/GJ | AY10: Revenue $'000 | AZ10: MDQ Total TJ* | BA10: WAP $/GJ | BB10: Revenue $'000 | BC10: Total TJ | BD10: WAP $/GJ | BE10: Revenue $'000 | BF10: MDQ Total TJ* | BG10: WAP $/GJ | BH10: Revenue $'000 | BI10: Total TJ | BJ10: WAP $/GJ
C11: Transportation services
B12: 4.4.1 | C12: Firm forward haul transportation services | D12: =L12+S12+AL12 -> 5227.2915 | L12: =M12+P12 -> 5227.2915 | M12: 2039.6092 | N12: 3951.95 | O12: =IFERROR(M12/N12,0) -> 0.51610198 | P12: 3187.6823 | Q12: 12534.352 | R12: =IFERROR(P12/Q12,0) -> 0.25431568 | S12: =T12+W12+Z12+AC12+AF12+AI12 -> 0 | V12: =IFERROR(T12/U12,0) -> 0 | Y12: =IFERROR(W12/X12,0) -> 0 | AB12: =IFERROR(Z12/AA12,0) -> 0 | AE12: =IFERROR(AC12/AD12,0) -> 0 | AH12: =IFERROR(AF12/AG12,0) -> 0 | AK12: =IFERROR(AI12/AJ12,0) -> 0 | AL12: =AM12+AP12+AS12+AV12+AY12+BB12+BE12+BH12 -> 0 | AO12: =IFERROR(AM12/AN12,0) -> 0 | AR12: =IFERROR(AP12/AQ12,0) -> 0 | AU12: =IFERROR(AS12/AT12,0) -> 0 | AX12: =IFERROR(AV12/AW12,0) -> 0 | BA12: =IFERROR(AY12/AZ12,0) -> 0 | BD12: =IFERROR(BB12/BC12,0) -> 0 | BG12: =IFERROR(BE12/BF12,0) -> 0 | BJ12: =IFERROR(BH12/BI12,0) -> 0
B13: 4.4.1 | C13: Interruptible or as available transportation services | D13: =L13+S13+AL13 -> 972.64311 | L13: =M13+P13 -> 972.64311 | M13: 0 | N13: 0 | O13: =IFERROR(M13/N13,0) -> 0 | P13: 972.64311 | Q13: 1279.9971 | R13: =IFERROR(P13/Q13,0) -> 0.75987916 | S13: =T13+W13+Z13+AC13+AF13+AI13 -> 0 | V13: =IFERROR(T13/U13,0) -> 0 | Y13: =IFERROR(W13/X13,0) -> 0 | AB13: =IFERROR(Z13/AA13,0) -> 0 | AE13: =IFERROR(AC13/AD13,0) -> 0 | AH13: =IFERROR(AF13/AG13,0) -> 0 | AK13: =IFERROR(AI13/AJ13,0) -> 0 | AL13: =AM13+AP13+AS13+AV13+AY13+BB13+BE13+BH13 -> 0 | AO13: =IFERROR(AM13/AN13,0) -> 0 | AR13: =IFERROR(AP13/AQ13,0) -> 0 | AU13: =IFERROR(AS13/AT13,0) -> 0 | AX13: =IFERROR(AV13/AW13,0) -> 0 | BA13: =IFERROR(AY13/AZ13,0) -> 0 | BD13: =IFERROR(BB13/BC13,0) -> 0 | BG13: =IFERROR(BE13/BF13,0) -> 0 | BJ13: =IFERROR(BH13/BI13,0) -> 0
B14: 4.4.1 | C14: Backhaul services | D14: =L14+S14+AL14 -> 0 | L14: =M14+P14 -> 0 | M14: 0 | N14: 0 | O14: =IFERROR(M14/N14,0) -> 0 | P14: 0 | Q14: 0 | R14: =IFERROR(P14/Q14,0) -> 0 | S14: =T14+W14+Z14+AC14+AF14+AI14 -> 0 | V14: =IFERROR(T14/U14,0) -> 0 | Y14: =IFERROR(W14/X14,0) -> 0 | AB14: =IFERROR(Z14/AA14,0) -> 0 | AE14: =IFERROR(AC14/AD14,0) -> 0 | AH14: =IFERROR(AF14/AG14,0) -> 0 | AK14: =IFERROR(AI14/AJ14,0) -> 0 | AL14: =AM14+AP14+AS14+AV14+AY14+BB14+BE14+BH14 -> 0 | AO14: =IFERROR(AM14/AN14,0) -> 0 | AR14: =IFERROR(AP14/AQ14,0) -> 0 | AU14: =IFERROR(AS14/AT14,0) -> 0 | AX14: =IFERROR(AV14/AW14,0) -> 0 | BA14: =IFERROR(AY14/AZ14,0) -> 0 | BD14: =IFERROR(BB14/BC14,0) -> 0 | BG14: =IFERROR(BE14/BF14,0) -> 0 | BJ14: =IFERROR(BH14/BI14,0) -> 0
C15: Stand alone compression services
B16: 4.4.2 | C16: Firm stand alone compression services | D16: =F16+I16 -> 0 | F16: 0 | G16: 0 | H16: =IFERROR(F16/G16,0) -> 0 | I16: 0 | J16: 0 | K16: =IFERROR(I16/J16,0) -> 0
C17: Storage services
B18: 4.4.3 | C18: Firm park/park and loan services | D18: =F18+I18 -> 0 | F18: 0 | G18: 0 | H18: =IFERROR(F18/G18,0) -> 0 | I18: 0 | J18: 0 | K18: =IFERROR(I18/J18,0) -> 0
B19: 4.7 | C19: Total exempt services | D19: =F19+I19 -> 6.10951 | F19: 0 | I19: 6.10951
C20: Total | D20: =SUM(D12:D19) -> 6206.0442 | F20: =SUM(F12:F19) -> 0 | G20: =SUM(G12:G19) -> 0 | I20: =SUM(I12:I19) -> 6.10951 | J20: =SUM(J12:J19) -> 0 | L20: =SUM(L12:L19) -> 6199.9346 | M20: =SUM(M12:M19) -> 2039.6092 | N20: =SUM(N12:N19) -> 3951.95 | P20: =SUM(P12:P19) -> 4160.3254 | Q20: =SUM(Q12:Q19) -> 13814.35 | S20: =SUM(S12:S19) -> 0 | T20: =SUM(T12:T19) -> 0 | U20: =SUM(U12:U19) -> 0 | W20: =SUM(W12:W19) -> 0 | X20: =SUM(X12:X19) -> 0 | Z20: =SUM(Z12:Z19) -> 0 | AA20: =SUM(AA12:AA19) -> 0 | AC20: =SUM(AC12:AC19) -> 0 | AD20: =SUM(AD12:AD19) -> 0 | AF20: =SUM(AF12:AF19) -> 0 | AG20: =SUM(AG12:AG19) -> 0 | AI20: =SUM(AI12:AI19) -> 0 | AJ20: =SUM(AJ12:AJ19) -> 0 | AL20: =SUM(AL12:AL19) -> 0 | AM20: =SUM(AM12:AM19) -> 0 | AN20: =SUM(AN12:AN19) -> 0 | AP20: =SUM(AP12:AP19) -> 0 | AQ20: =SUM(AQ12:AQ19) -> 0 | AS20: =SUM(AS12:AS19) -> 0 | AT20: =SUM(AT12:AT19) -> 0 | AV20: =SUM(AV12:AV19) -> 0 | AW20: =SUM(AW12:AW19) -> 0 | AY20: =SUM(AY12:AY19) -> 0 | AZ20: =SUM(AZ12:AZ19) -> 0 | BB20: =SUM(BB12:BB19) -> 0 | BC20: =SUM(BC12:BC19) -> 0 | BE20: =SUM(BE12:BE19) -> 0 | BF20: =SUM(BF12:BF19) -> 0 | BH20: =SUM(BH12:BH19) -> 0 | BI20: =SUM(BI12:BI19) -> 0
B22: * MDQ (Total TJ) = sum of MDQ’s over the reporting period in TJs

Sheet 5.1 Exempt WAP services
B1: Services exemption granted from ERA for Weighted Average Price disclosure
B2: =Tradingname -> APT PARMELIA PTY LTD
B3: Reporting Period | C3: =TEXT(Yearstart,"dd/mm/yyyy")&" to "&TEXT(Yearending,"dd/mm/yyyy") -> 01/07/2022 to 30/06/2023
B5: Table 5.1.1: ERA exemptions
B7: Service category
B8: Backhaul services

Sheet Auditor's Review Report WAP

Sheet 6. Notes
B1: Additional (optional) notes and information
B2: =Tradingname -> APT PARMELIA PTY LTD
B3: Year ending | C3: =Yearending -> 45107
B5: Table reference
B7: Cover | C7: The financial reporting under non scheme is an annual reporting requirement for APA's non scheme pipelines, requiring annual publishing by 31 October 2023. This information was published on Tuesday 31st October 2023.
B8: 1.1 | C8: APA has counted each contracting entity as a separate customer to determine customer numbers for each pipeline.
B9: 1.2 | C9: Pipeline Services listed are those contracted to customers within the reporting period for the pipeline. Some services, in particular non-firm services, may be contracted but not used.
C10: Payroll review During FY22, APA Group conducted the first stage of a historical payroll review which identified that certain employees across the APA Group were not paid in full compliance with obligations under APA's enterprise agreements. A provision of $32 million (which related to a 7 year period) was recorded in connection with the payroll review in the records of the APA corporate entity. For financial accounting purposes, the Group Statutory financial information (FY21 and retained earnings) was restated to account for the impact of the payroll review. As the regulatory framework under part 23 does not account for retained earnings, the cumulative payroll adjustment for all years was accounted for in FY22 and prior periods were not restated. The payroll adjustment has been allocated to individual pipelines based on a combination of direct costs attributable to pipelines and where the cost was not directly attributable, based on relevant non causal drivers. Included in wages of $5,555,594, recorded in the FY22’s profit and loss in the ‘Statement of Pipeline Revenues and Expenses’, is $600,852 of payroll costs relating to prior periods. APA also concluded that the amounts charged to the profit or loss in FY22 relating to prior periods had no material impact for Part 23 reporting purposes.
B11: 2.1 and 3.2.1 | C11: Carrying value review
C12: It is noted that the Part 23 carrying value review has been undertaken using Part 23 assumptions and by definition this review is separate to the Carrying Value Review undertaken for APA’s Statutory Financial Reporting. The values are not to be considered in the context of APA’s statutory financial reporting processes. The Part 23 Carrying value Review is completed using different assumptions to APA’s statutory Carrying Value review and is undertaken on an individual standalone pipeline rather than a cash generating unit basis, and does not reflect APA’s view of carrying value of its assets for statutory purposes. The conclusions are based on a balanced and consistent approach in determining the demand forecasts and other asset model inputs for a Part 23 Carrying value review. This assessment is also supported by a range/sensitivity analysis performed including discount rates and terminal values. The Part 23 recoverable value models and the critical assumptions were reviewed with regard to contracts, budgets, altered business conditions and Management’s expectations, in the context of each individual asset on a standalone basis and separate to APA’s statutory cash generating units. Based on the annual carrying value review it was determined that the Parmelia Gas Pipeline (PGP) Part 23 Net book value as at 30 June 2023 should be reduced to the value equivalent to assets of $6,405,982 being made up of current assets of $2,110,060, convertible to cash subsequent to year end and deferred tax assets of $4,295,922, which a probable to be recoverable. As at 30June 2023, an impairment loss of $11,101,489, has been recorded by APT Parmelia Pty Ltd. There has been no impairment identified for statutory reporting purposes. It is important to note that no depreciation is reported in table 2.1 as the capital expenditure commissioned during the year, has been immediately impaired. An impairment for Part 23 Purposes for Parmelia is disclosed in table 3.2.1.
B13: 2.1.1 | C13: AASB 15 reporting in the Pipeline Financial Statements, RCM and Return on Assets As described in the Basis of Preparation, AASB 15 Revenue from Contracts with Customers ("AASB 15") (effective from 1 July 2018) requires a significant financing component to be reported in those circumstances where there is a length of time in-between the payment for the service and when APA Group fulfils the performance obligation. A significant financing component has been identified in one revenue contract on an exempt lateral on the Parmelia Gas Pipeline. As stated below for RCM purposes the laterals connected to the Parmelia Gas Pipeline are exempt from financial reporting obligations as they either serve a single customer, or have throughput of less than 10TJ/day. However APA is not able to allocate historic pipeline financial information between the mainline and exempt laterals for particular periods. To ensure consistency, the Parmelia Gas Pipeline RCM has been calculated for the whole Parmelia Gas Pipeline, including exempt laterals that may include significant financing component. The Significant Financing Component has been included in the reported revenue from contracts with customers as the Guideline requires reported revenues to comply with AASB 15. However, the associated interest expense has been excluded from the Pipeline Financial Statement as financing related expenses are not permitted to be reported under the Guideline. The impact on the Pipeline Financial Statement for contracts on the Parmelia Gas Pipeline amounts to:
C14: Statutory presentation | D14: Part 23 Reporting | E14: Difference Statutory and Part 23
C15: $ | D15: $ | E15: S
C16: 70141.545 | D16: =C16 -> 70141.545 | E16: =C16-D16 -> 0 | F16: time value of money included in reported revenue in the pipeline financial statements on table 2.1, 2.1.1 and 4.1.
C17: -33071.16 | D17: 0 | E17: =C17-D17 -> -33071.16 | F17: interest expense not permitted to be reported under Part 23 and not included in this reporting
C18: =SUM(C16:C17) -> 37070.385 | D18: =SUM(D16:D17) -> 70141.545 | E18: =SUM(E16:E17) -> -33071.16 | F18: Net impact of including both Revenue and interest expense associated with the significant financing component of revenue
C19: Without the corresponding interest expense being reflected in the Pipeline Financial Statements Revenues and Expenses and RCM due to the Part23 requirements, the net profit of the asset excludes $33,071 of interest expense. The impact on the return on asset is immaterial.
B20: 2.4.1 | C20: In FY23, the pipeline received 0.4% of shared support assets. Due to the functionality of this reporting template, the percentage reported in table 2.4.1, relating to shared support assets, will be post of impairments losses.
B22: 3.1 | C22: Other non-depreciable pipeline assets include other elements of total assets reported in the Balance Sheet (e.g. debtors, capital work in progress, contract intangibles etc.).
C23: Balances reported for the year ended 30 June 2022, were revised to reflect the actual additions transferred from the capital work in progress prior to the recognition of any impairment losses. As "additions" previously reported were net of impairment losses, an entry was recorded to increase "additions" with an inverse entry recorded against "depreciation and impairment".
B24: 3.1.1 | C24: Other depreciable pipeline assets include items such as information technology systems, motor vehicles, office and pipeline related costs which have different useful lives ranging from 5 to 80 years. APA has reported the information by asset categories in a summary line reflective of all assets acquired at inception to 30 June 2023.
B25: 3.3.1 | C25: APA has reported the information by asset categories in a summary line reflective of all assets acquired from inception to 30 June 2023.
C26: New assets are reported as commissioned with depreciation assumed from the date of service.
B27: 3.3.2 | C27: APA has reported the shared assets information per fiscal year from date of acquisition.
C28: New assets are reported as commissioned with depreciation assumed in the next fiscal year.
B29: 3.4 | C29: The majority of total shared assets reported represent Information Technology assets and other assets such as office related assets and motor vehicles. The values are reported are prior to impairment losses. The “% allocated to pipeline” reported in table 3.4 represents the percentage of shared corporate assets allocated to the pipeline since the APA Group’s ownership. The reported percentages are gross of impairment losses.
B30: 4.1 | C30: Net tax liabilities incorporate mid-year tax depreciation for capital expenditure incurred during the fiscal year.
C31: Capital expenditure is reported in the period commissioned and excludes capital work in progress. The reported capital additions include capitalised maintenance costs.
C32: Prior and inclusive of FY23, Capital expenditure is reported in the period commissioned and excludes capital work in progress.
C33: From FY23 onwards, capital additions will be as follows: • For pipelines assets, capital expenditure will be reported “as incurred”. • For shared support assets and shared leased asset, capital expenditure will be reported “as commissioned”. As a result of transitioning to the “as incurred” methodology, in FY23 the capital expenditure addition reported in the RCM will include expenditure incurred in earlier periods, that had not been commissioned by the end of FY22.
C34: The laterals connected to the Parmelia Gas Pipeline are exempt from financial reporting obligations as they either serve a single customer, or have throughput of less than 10TJ/day. However APA is not able to allocate historic pipeline financial information between the mainline and exempt laterals for particular periods. Therefore, to ensure consistency, the Parmelia Gas Pipeline RCM has been calculated for the whole Parmelia Gas Pipeline, including the exempt laterals.
C35: APA has identified a number of capital additions totalling $5 million and subsequent disposals that occurred prior to APA implementing the Oracle financial systems. Due to lack of information on disposal dates, APA has excluded the capital additions and subsequent disposals.
C36: APA has used the 2000 regulatory asset value as the construction cost of the pipeline.
B37: 4.1.1 | C37: APA has reported the aggregate capital expenditure (inclusive of Stay-in-business capital expenditure) incurred each fiscal year. The 5% threshold of capital expenditure does not include leased asset, shared leased asset or shared assets. Any assets that might have had immaterial shared assets included in prior years reporting have been removed for consistency. Capital expenditure greater than 5% generally relates to significant expenditure for each non-scheme pipeline. Lease-funded pipeline capital expenditure could be included in the capital expenditure for comparison. The projects reported in excess of 5% capital expenditure for any given year is capital expenditure at cost (excluding the half year capitalised WACC) in relation to the total construction cost (which is inclusive of capitalised WACC).
B38: 5.1 | C38: In accordance with the Guideline, APA has not reported revenue in respect of exempt services against the relevant service category in Table 5.1. Instead, revenue associated with exempt services is aggregated and reported under “Total exempt services” in Table 5.1.

Sheet Amendment record
A2: Date | B2: ERA amendment# | C2: Worksheet | D2: Table | E2: Cell | F2: Change | G2: Reason
A3: 44084 | B3: 1 | C3: Amendment record | F3: New worksheet inserted | G3: This sheet captures the changes made to this non scheme financial reporting template.
A4: 44084 | B4: =B3+1 -> 2 | C4: 2. Revenue and expenses | D4: 2.1 | E4: F13 | F4: Formula corrected | G4: Formula amended to sum both elements of 'Direct revenue' to get 'Total direct revenue'.
A5: 44084 | B5: =B4+1 -> 3 | C5: 3. Statement of pipeline assets | D5: 3.1 | E5: D33:E33 | F5: Formula inserted | G5: Formula to aggregate relevant rows (Metering) to determine Closing value for metering assets
A6: 44084 | B6: =B5+1 -> 4 | C6: 3.3 Depreciation | D6: 3.3.1 | E6: D9:D52 | F6: List amended | G6: The term 'other depreciable assets' has been replaced with ' other depreciable pipeline assets' to match the terms used on worksheet 3.
A7: 44084 | B7: =B6+1 -> 5 | C7: 3.3 Depreciation | D7: 3.3.1 | E7: M7 and N7 | F7: Heading amended | G7: The heading has been amended to make it clear that accumulated depreciation is to be reported for both the current reporting period and the prior period.
A8: 44084 | B8: =B7+1 -> 6 | C8: 3.3 Depreciation | D8: 3.3.1 | E8: I5:K5 | F8: Guidance note added | G8: A guidance note has been added to the worksheet, clarifying that additions, capitalised maintenance and disposals must all be reported on a cumulative basis in this worksheet. Closing asset values are derived in each year with reference to the initial construction cost. Therefore all amendments to this value must be reported on a cumulative basis, to ensure the closing value is adjusted for all additions, disposals or capitalised maintenance.
A9: 44084 | B9: =B8+1 -> 7 | C9: 3. Statement of pipeline assets | D9: 3.1 | E9: Rows 63-67 and 74-78 | F9: rows inserted | G9: New items inserted to record Leased Assets as per AASB16.
A10: 44084 | B10: =B9+1 -> 8 | C10: 3. Statement of pipeline assets | D10: 3.1 | E10: D69:E69 and D84:E84 | F10: Formula updated | G10: Formulae updated to include leased assets
A11: 44084 | B11: =B10+1 -> 9 | C11: 3. Statement of pipeline assets | D11: 3.1 | E11: D14, D19, D25, D31, D37, D43, D49, D59 | F11: Formulae corrected | G11: Formulae amended to include prior year accumulated depreciation plus current year depreciation. It was only picking up current year depreciation.
A12: 44084 | B12: =B11+1 -> 10 | C12: 3.1 Pipeline asset useful life | D12: 3.1.1 | E12: B21:F26 and B33:F38 | F12: rows inserted | G12: Allow for lease asset information
A13: 44084 | B13: =B12+1 -> 11 | C13: Cover | D13: Reporting template | E13: D31:F32 | F13: Formatting | G13: To be visible.
A14: 44084 | B14: =B13+1 -> 12 | C14: 1.1 Financial performance | D14: 1.1.1 | E14: C10 | F14: Formatting - changed from Accounting Comma to Percentage Percent | G14: To disclose percentage with appropriate signage
A15: 44084 | B15: =B14+1 -> 13 | C15: 3.3 Depreciation | G15: Tab renamed 3.3 Depreciation amortisation
A16: 44084 | B16: =B15+1 -> 14 | C16: 3.3 Depreciation amortisation | D16: 3.3.2 | E16: L58:L78 | F16: Insert column | G16: To explicitly allow for prior period depreciation
A17: 44084 | B17: =B16+1 -> 15 | C17: 3. Statement of pipeline assets | D17: 3.1 | E17: Row 59 | F17: rows inserted | G17: To record additions and improvements capitalised
A18: 44084 | B18: =B17+1 -> 16 | C18: 3. Statement of pipeline assets | D18: 3.1 | E18: D58 | F18: Formula updated | G18: To only pick up initial acquisition costs
A19: 44084 | B19: =B18+1 -> 17 | C19: 3.3 Depreciation amortisation | D19: 3.3.1 | E19: D9:D52 | F19: List updated | G19: Added Leased assets to drop list
A20: 44084 | B20: =B19+1 -> 18 | C20: 3.3 Depreciation amortisation | D20: 3.3.2 | E20: D60:D77 | F20: List updated | G20: Added Shared leased assets to drop list
A21: 44084 | B21: =B20+1 -> 19 | C21: 4 Recovered Capital | D21: 4.1 | E21: Rows 15, 22, 29 | F21: rows inserted | G21: New items inserted to record Leased Assets
A22: 44084 | B22: =B21+1 -> 20 | C22: 4 Recovered Capital | D22: 4.1 | E22: E15, E22 and E29 | F22: Formula added | G22: To sum columns F to BH for respective items
A23: 44084 | B23: =B22+1 -> 21 | C23: 4 Recovered Capital | D23: 4.1 | E23: F16:BH16 and F23:BH23 | F23: Formula updated | G23: To include Leased Assets in total
A24: 44084 | B24: =B23+1 -> 22 | C24: 3.3 Depreciation amortisation | D24: 3.3.1 and 3.3.2 | E24: B5, B56, K7, G58, J58 and M58 | F24: Heading amended | G24: Headings updated for clarity
A25: 44084 | B25: =B24+1 -> 23 | C25: 3.3 Depreciation | D25: 3.3.1 | E25: E9:E52 | F25: Reformat | G25: The cells have been reformatted to show dd/mm/yyyy
A26: 44084 | B26: =B25+1 -> 24 | C26: 3.3 Depreciation | D26: 3.3.2 | E26: E60:E77 | F26: Reformat | G26: The cells have been reformatted to show dd/mm/yyyy
A27: 44084 | B27: =B26+1 -> 25 | C27: 3.1 Pipeline asset useful life | D27: 3.1.1 | E27: D9:D38 | F27: Reformat | G27: The cells have been reformatted to show dd/mm/yyyy
A28: 44109 | B28: =B27+1 -> 26 | C28: Cover | D28: Reporting template | E28: A7 | F28: a typographical error fixed. | G28: Corrected the spelling from 'insructions' to 'instructions'.
A29: 44109 | B29: =B28+1 -> 27 | C29: 3.1 Pipeline asset useful life | D29: 3.1.1 | E29: D7 | F29: a typographical error fixed. | G29: Corrected the spelling from 'acqusition' to 'acquisition'.
A30: 44109 | B30: =B29+1 -> 28 | C30: 4 Recovered Capital | D30: 3.1.1 | E30: D18 | F30: a typographical error fixed. | G30: Corrected the spelling from 'acqusition' to 'acquisition'.
A31: 44377 | B31: =B30+1 -> 29 | C31: Cover | E31: A25:E25 | F31: Question added | G31: To record publication date of the report
A32: 44377 | B32: =B31+1 -> 30 | C32: Cover | E32: A27:E27 | F32: Question added | G32: To record the date to which the reported information is current
A33: 44377 | B33: =B32+1 -> 31 | C33: Cover | E33: A29:K29 | F33: Questions added | G33: To record if there has been any change to the reported information within the current reporting period since publication date, and identify which part of the ‘basis of preparation’ document captures or explains the change in the published information.
A34: 44377 | B34: =B33+1 -> 32 | C34: Contents | F34: Contents updated | G34: To add hyperlink to Summary worksheet and reflect changes in worksheet names (3.1, 3.2 and 3.3)
A35: 44377 | B35: =B34+1 -> 33 | C35: Summary | F35: New worksheet added | G35: To enhance accessibility and transparency of the reported information by providing a 'quick glance' view of the key information reported in the template.
A36: 44377 | B36: =B35+1 -> 34 | C36: 1. Pipeline information | D36: 1.2 | E36: B16, B20, B21 | F36: Heading renamed | G36: To be consistent with the pipeline service categories in Table 2.1.1.
A37: 44377 | B37: =B36+1 -> 35 | C37: 1. Pipeline information | D37: 1.2 | E37: C29:D36 | F37: List added | G37: To add a yes/no dropdown list, consistent with other rows.
A38: 44377 | B38: =B37+1 -> 36 | C38: 1.1 Financial performance | D38: 1.1.1 | E38: C10 | F38: Formatting changed | G38: To express percentage in two decimal places
A39: 44377 | B39: =B38+1 -> 37 | C39: 2. Revenue and expenses | D39: 2.1 | E39: Row 12:14 / C12:C14 | F39: Rows added | G39: New categories are added to improve the clarity and consistency of revenue streams. - Customer contribution revenue (removed from Table 2.1.1) - Government contribution revenue (removed rom (Table 2.1.1) - Profit from sale of fixed assets
A40: 44377 | B40: =B39+1 -> 38 | C40: 2. Revenue and expenses | D40: 2.1 | E40: D32:D40 E32:E40 | F40: Formula corrected | G40: To correctly populate data from Table 2.4.1
A41: 44377 | B41: =B40+1 -> 39 | C41: 2. Revenue and expenses | D41: 2.1 | E41: C34 and C39 | F41: Formatting changed | G41: Remove uppercase in some words. Corresponding cells in original template are C31 and C36.
A42: 44377 | B42: =B41+1 -> 40 | C42: 2. Revenue and expenses | D42: 2.1 | E42: F11 and I11 | F42: Formula corrected | G42: To amend formula to sum up D11 and E11 and G11 and H11, respectively
A43: 44377 | B43: =B42+1 -> 41 | C43: 2. Revenue and expenses | D43: 2.1 | E43: I16 | F43: Formula corrected | G43: To include new revenue categories and correctly calculate the ‘total direct revenue’
A44: 44377 | B44: =B43+1 -> 42 | C44: 2.1 Revenue by service | D44: 2.1.1 | E44: C10 and C21 | F44: Heading/label renamed | G44: Headings changed from 'Direct Revenue' to ‘Revenue by service’ and from 'Total revenue (C24) to ‘Total service revenue’ (C21) to clarify that Table 2.1.1 only captures service revenue rather than all direct revenue.
A45: 44377 | B45: =B44+1 -> 43 | C45: 2.1 Revenue by service | D45: 2.1.1 | E45: Rows 21:23/ C21:C23 | F45: Rows removed | G45: To delete categories that do not fall under 'service revenue': - 'Customer contribution revenue' - 'Profit from sale of fixed assets' - ‘Other direct revenue’ These categories are moved to Table 2.1. See amendment # 37.
A46: 44377 | B46: =B45+1 -> 44 | C46: 2.1 Revenue by service | D46: 2.1.1 | E46: Row 16 | F46: Row split | G46: “Park and park and loan services” is split into two rows: “Park services” (row 16) and “Park and loan services (row 17) to be consistent with service categories in Table 1.2.
A47: 44377 | B47: =B46+1 -> 45 | C47: 2.1 Revenue by service | D47: 2.1.1 | E47: Row 20 | F47: Description renamed | G47: Replaced "Distribution/transmission revenue" (originally C19) with "Other pipeline services (if relevant)" (now C20) to be consistent with Table 2.1.
A48: 44377 | B48: =B47+1 -> 46 | C48: 2.1 Revenue by service | D48: 2.1.1 | E48: I21 | F48: Formula updated | G48: To correctly calculate the ‘total service revenue’.
A49: 44377 | B49: =B48+1 -> 47 | C49: 2.2 Revenue contributions | D49: 2.2.1 | E49: E9:E14 | F49: Formula added Formatting changed | G49: To add sum formula (E=C+D)
A50: 44377 | B50: =B49+1 -> 48 | C50: 2.3 Indirect revenue | D50: 2.3.1 | E50: E2:G4 | F50: Guidance note added | G50: To prompt operators to include sufficient information on their basis of preparation, explaining allocation methodologies and basis of allocators.
A51: 44377 | B51: =B50+1 -> 49 | C51: 2.3 Indirect revenue | D51: 2.3.1 | E51: Row 36 | F51: Formatting changed | G51: Change format of totals to 'bold' font
A52: 44377 | B52: =B51+1 -> 50 | C52: 2.4 Shared costs | D52: 2.4.1 | E52: E2:G4 | F52: Guidance note added | G52: To prompt operators to include sufficient information on their basis of preparation, explaining allocation methodologies and basis of allocators.
A53: 44377 | B53: =B52+1 -> 51 | C53: 2.4 Shared costs | D53: 2.4.1 | E53: H36 and I36 | F53: Formula corrected | G53: To correct double counting of other shared costs.
A54: 44377 | B54: =B53+1 -> 52 | C54: 2.4 Shared costs | D54: 2.4.1 | E54: C11 and C16 | F54: Formatting changed | G54: To remove uppercase in some words.
A55: 44377 | B55: =B54+1 -> 53 | C55: 2.4 Shared costs | D55: 2.4.1 | E55: Row 36 | F55: Formatting changed | G55: Change format of totals to 'bold' font
A56: 44377 | B56: =B55+1 -> 54 | C56: 3. Statement of pipeline assets | D56: 3.1 | E56: C8 and C81 | F56: Headings added | G56: Add headings ‘Pipeline assets’ and ‘Shared supporting assets allocated’ to improve clarity of asset categories.
A57: 44377 | B57: =B56+1 -> 55 | C57: 3. Statement of pipeline assets | D57: 3.1 | E57: C82 | F57: Heading renamed | G57: Renamed 'shared supporting assets' to 'shared property, plant and equipment' to be consistent with the labelling between worksheets
A58: 44377 | B58: =B57+1 -> 56 | C58: 3. Statement of pipeline assets | D58: 3.1 | E58: Column C | F58: Rows added Sub-categories amended Formatting changed | G58: To improve the consistency and structuring of labelling between Table 3.1 and Table 3.3.1. Each asset category will have the following reporting lines, as applicable: - Initial construction or acquisition costs - Additions - Capitalised maintenance or improvements - Depreciation - Disposals or early termination (at cost)
A59: 44377 | B59: =B58+1 -> 57 | C59: 3. Statement of pipeline assets | D59: 3.1 | E59: Columns D and E (D66, D33:E33, D71:E71, D80:E80, D83:D87, D90:D94 and D99:E99) | F59: Formula updated | G59: To update formula following changes in asset categories/ sub-categories, and correct previous errors.
A60: 44377 | B60: =B59+1 -> 58 | C60: 3.1 Asset useful life | F60: Tab renamed | G60: Renamed from 3.1 "Pipeline asset useful life" to "Asset useful life' to be consistent with the heading of the worksheet. Worksheet contains shared assets other than pipeline assets.
A61: 44377 | B61: =B60+1 -> 59 | C61: 3.1 Asset useful life | D61: 3.1.1 | E61: Column D | F61: Data entry deleted | G61: To remove data entries under 'Acquisition date' column
A62: 44377 | B62: =B61+1 -> 60 | C62: 3.1 Asset useful life | D62: 3.1.1 | E62: D9:D38 | F62: Formatting changed | G62: Changed format from number to 'short date'
A63: 44377 | B63: =B62+1 -> 61 | C63: 3.2 Asset impairment | F63: Tab renamed | G63: Renamed from 3.2 "Pipeline asset impairment" to "Asset impairment' to be consistent with the heading of the worksheet. Worksheet contains shared assets other than pipeline assets.
A64: 44377 | B64: =B63+1 -> 62 | C64: 3.2 Asset impairment | D64: 3.2.1 and 3.2.2 | E64: D8:D22 D28:D54 G28:G54 | F64: Formatting changed | G64: Change format to 'short date'
A65: 44377 | B65: =B64+1 -> 63 | C65: 3.3 Depreciation amortisation | E65: B1 | F65: Heading amended | G65: To be consistent with tab name
A66: 44377 | B66: =B65+1 -> 64 | C66: 3.3 Depreciation amortisation | D66: 3.3.1 and 3.3.2 | E66: H7, J7, G58 and L58 | F66: Heading amended | G66: To be consistent with the labelling of categories in Table 3.1
A67: 44377 | B67: =B66+1 -> 65 | C67: 3.3 Depreciation amortisation | D67: 3.3.1 | E67: D9:D52 | F67: List updated | G67: To be consistent with the categories in Table 3.1
A68: 44377 | B68: =B67+1 -> 66 | C68: 3.3 Depreciation amortisation | D68: 3.3.1 | E68: G53 | F68: Formula added | G68: To add sum formula
A69: 44377 | B69: =B68+1 -> 67 | C69: 3.3 Depreciation amortisation | D69: 3.3.1and 3.3.2 | E69: F9:F52 and F60:F77 | F69: Formatting changed | G69: Numbers formatted to the nearest whole number
A70: 44377 | B70: =B69+1 -> 68 | C70: 3.3 Depreciation amortisation | D70: 3.3.1 and 3.3.2 | E70: Column E | F70: Data entry deleted | G70: To remove data entries under Acquisition date column
A71: 44377 | B71: =B70+1 -> 69 | C71: 3.3 Depreciation amortisation | D71: 3.3.2 | E71: B58:N59 | F71: Formatting changed | G71: Cell colour changed to be consistent with other tables
A72: 44377 | B72: =B71+1 -> 70 | C72: 3.3 Depreciation amortisation | D72: 3.3.2 | E72: D60:D77 | F72: List updated | G72: To be consistent with the categories in Table 3.1
A73: 44377 | B73: =B72+1 -> 71 | C73: 3.4 Shared supporting assets | D73: 3.4.1 | E73: D9:D40 | F73: List created | G73: To add dropdown list consistent with the categories in Table 3.1
A74: 44377 | B74: =B73+1 -> 72 | C74: 3.4 Shared supporting assets | D74: 3.4.1 | E74: E2:G4 | F74: Guidance note added | G74: To prompt operators to include sufficient information on their basis of preparation, explaining allocation methodologies and basis of allocators.
A75: 44377 | B75: =B74+1 -> 73 | C75: 3.4 Shared supporting assets | D75: 3.4.1 | E75: Row 36 | F75: Formatting changed | G75: Change format of totals to 'bold' font
A76: 44377 | B76: =B75+1 -> 74 | C76: 4. Recovered Capital | F76: Tab renamed | G76: Minor punctuation amendment
A77: 44377 | B77: =B76+1 -> 75 | C77: 4. Recovered Capital | D77: 4.1 | E77: Rows 33 and 34 | F77: Rows added | G77: To disclose opening asset value and rate of return (WACC) of each year
A78: 44377 | B78: =B77+1 -> 76 | C78: 4. Recovered Capital | D78: 4.1 | E78: E11 | F78: Formula corrected | G78: Revised formula to sum F11:BH11, consistent with the treatment of other cost components that make up the ‘cost base’
A79: 44377 | B79: =B78+1 -> 77 | C79: 4. Recovered Capital | D79: 4.1 | E79: E25 | F79: Formula deleted | G79: Formula not required
A80: 44377 | B80: =B79+1 -> 78 | C80: 4. Recovered Capital | D80: 4.1 | E80: F8:BH8 | F80: Formula corrected | G80: To adjust formula to display year and allow cross-referencing with the Summary tab
A81: 44377 | B81: =B80+1 -> 79 | C81: 4. Recovered Capital | D81: 4.1 | E81: F31:BH31 | F81: Formula corrected | G81: To exclude row 25 which is not an input cell
A82: 44377 | B82: =B81+1 -> 80 | C82: 5. Weighted average price | D82: 5.1 | E82: Column B | F82: Column added | G82: To disclose the reference to the basis of preparation where pipeline operator may have explained the basis of allocation between pipeline and service types
A83: 44377 | B83: =B82+1 -> 81 | C83: 5. Weighted average price | D83: 5.1 | E83: Column E | F83: Column added | G83: To disclose if estimates were used by the pipeline operator to allocate revenue between pipelines and service types.
A84: 44377 | B84: =B83+1 -> 82 | C84: 5. Weighted average price | D84: 5.1 | E84: B2 and C3 | F84: Heading added | G84: To be consistent with other worksheets
A85: 44377 | B85: =B84+1 -> 83 | C85: 5. Weighted average price | D85: 5.1 | E85: F10:BJ10 | F85: Headings amended Formatting changed | G85: Heading (units) amended and format changed for clarity and consistency with formula: - revenues in $'000 - MDQ in Total TJ - WAP in $/GJ
A86: 44377 | B86: =B85+1 -> 84 | C86: 5. Weighted average price | D86: 5.1 | E86: C19:20 | F86: Formatting changed | G86: To be consistent with other tables
A87: 44377 | B87: =B86+1 -> 85 | C87: 5. Weighted average price | D87: 5.1 | E87: Row 22 | F87: Explanatory note added | G87: To clarify the MDQ unit above as: Total TJ = sum of MDQ’s over the reporting period in TJs
A88: 44377 | B88: =B87+1 -> 86 | C88: All worksheets | E88: Numerical cells | F88: Formatting changed | G88: Amend relevant numerical cells to ensure format is in comma style, negative values in brackets and rounded off to nearest whole number
A89: 44377 | B89: =B88+1 -> 87 | C89: All worksheets | E89: Date cells | F89: Formatting changed | G89: Amend relevant date cells to ensure format is in date style
A90: 44377 | B90: =B89+1 -> 88 | C90: All worksheets | E90: Input cells | F90: Formatting changed | G90: Amend relevant input cells to ensure font colour is blue
A91: 44377 | B91: =B90+1 -> 89 | C91: All worksheets | E91: A1 | F91: Formatting changed | G91: Enlarge size to make hyperlink to Contents tab more visible and accessible
A92: 44383 | B92: =B91+1 -> 90 | C92: Summary | E92: Row 86 (C86:H86) | F92: Formula corrected | G92: To correctly populate weighted average prices (WAP) of 'interruptible or as available transportation services' (distance based - other delivery points) from Table 5.1
A93: 44383 | B93: =B92+1 -> 91 | C93: Summary | E93: F100 | F93: Formula corrected | G93: To correctly populate WAP of exempt services (volume based charge) from Table 5.1
A94: 44383 | B94: =B93+1 -> 92 | C94: 3. Statement of pipeline assets | D94: 3.1 | E94: D86:87 | F94: Formula corrected | G94: To correctly populate depreciation and disposal values of 'Shared property, plant and equipment' from Table 3.3.2
A95: 44383 | B95: =B94+1 -> 93 | C95: 3. Statement of pipeline assets | D95: 3.1 | E95: D93:94 | F95: Formula corrected | G95: To correctly populate depreciation and disposal values of 'Shared leased assets' from Table 3.3.2

Sheet APA Amendment record
A2: Date | B2: APA amendment# | C2: Worksheet | D2: Table | E2: Cell | F2: Change | G2: Reason
A3: 44434 | B3: 1 | C3: APA Amendment record | F3: New worksheet inserted | G3: This sheet captures the changes made to this non scheme financial reporting template.
A4: 44434 | B4: =B3+1 -> 2 | C4: 3.3 Depreciation amortisation | D4: 3.3.2 | F4: Inserted row 80 | G4: For disclosure purposes
A5: 44434 | B5: =B4+1 -> 3 | C5: 3.3 Depreciation amortisation | D5: 3.3.1 | E5: N7 | F5: Heading amended | G5: The heading has been amended to make it clear that accumulated depreciation is to be reported for both the current reporting period and the prior period.
A6: 44432 | B6: =B5+1 -> 4 | C6: Summary | E6: C116 | F6: Formula change | G6: Formula updated to include shared leased asset depreciation reported under other Other shared costs in tab 2.4 Shared costs
A7: 44470 | B7: =B6+1 -> 5 | C7: 3.2 Asset impairment | D7: 3.2.1 | E7: F8 | G7: Added comment on impairment
A8: 44474 | B8: =B7+1 -> 6 | C8: 3. Statement of pipeline assets | E8: C14, C21, C28, C35, C42, C49, C56, C70, C87 | F8: Description amended | G8: Description changed from "Depreciation" to "Depreciation and impairment"
A9: 44474 | B9: =B8+1 -> 7 | C9: 3. Statement of pipeline assets | E9: C77, C94 | F9: Description amended | G9: Description changed from "Depreciation (amortisation)" to "Depreciation (amortisation) and impairment"
A10: 44474 | B10: =B9+1 -> 8 | C10: 3. Statement of pipeline assets | D10: 3.2.1 | F10: Inserted row 63 | G10: For impairment disclosure
A11: 44482 | B11: =B10+1 -> 9 | C11: Cover | E11: I29 | F11: Wrap text | G11: Wrap text
A12: 44487 | B12: =B11+1 -> 10 | C12: 1.1 Financial performance | D12: 1.1.1 | E12: B12 | G12: Added comment on impairment
A13: 44489 | B13: =B12+1 -> 11 | C13: 4. Recovered capital | D13: 4.1 | E13: C39 | F13: Formatting changed | G13: Format changed to comma style and rounded off to nearest whole number
A14: 44810 | B14: =B13+1 -> 12 | C14: 3.3 Depreciation amortisation | D14: 3.3.2 | F14: Inserted 2 rows | G14: For disclosure purposes

Sheet Data Validation List
A1: Data validation lists
A3: rpipelines | B3: Pipelines
B4: Compressors
B5: City Gates, supply regulators and valve stations
B6: Metering
B7: Odorant plants
B8: SCADA (Communications)
B9: Buildings
B10: Land and easements
B11: Other depreciable pipeline assets
B12: Leased assets
A15: rsharedassets | B15: Shared property, plant and equipment
B16: Shared leased assets
B17: Inventories
B18: Deferred tax assets
B19: Other assets
A21: ryesno | B21: Yes
B22: No
